 Dungeon Crawl Stone Soup version 0.21-a0-496-g696f58f (webtiles) character file.

14216178 zero the Conqueror (level 27, 179/179 HPs)
             Began as a Gargoyle Berserker on Nov 23, 2017.
             Was the Champion of the Shining One.
             Escaped with the Orb
             ... and 15 runes!
             The game lasted 02:14:37 (112242 turns).

zero the Conqueror (Gargoyle Berserker)           Turns: 112242, Time: 02:14:37

Health: 179/179    AC: 70    Str: 37    XL:     27
Magic:  39/39      EV: 29    Int: 14    God:    the Shining One [******]
Gold:   14946      SH: 32    Dex: 23    Spells: 26/26 levels left

rFire    + + +     SeeInvis +   I - +9 broad axe (holy)
rCold    + + +     Gourm    .   n - +2 large shield {rC+ rF+}
rNeg     + + +     Faith    .   K - +7 gold dragon scales
rPois    ∞         Spirit   .   C - +2 helmet
rElec    +         Reflect  .   q - scarf {repulsion}
rCorr    .         Harm     .   a - -1 pair of gloves "Agaattin" {Slay+2 SInv}
MR       +++..     Clarity  +   f - +2 pair of boots of the Ban {rC+ MR- Str+3 Dex+7}
Stlth    ..........             h - amulet "Reagakk" {+Rage rF+ rC+ SInv}
HPRegen  0.39/turn              S - ring of the Mage {Wiz MR++ Int+3}
MPRegen  0.26/turn              T - ring of Creativity {rC- rN+ Str+7 Dex+7}

@: flying, glowing, repel missiles
A: big wings, slimy green scales 1, thin metallic scales 1, yellow scales 1,
blink, clarity, frail 1, mutation resistance 1, negative energy resistance 1,
electricity resistance, weak 2, unbreathing, petrification resistance, rot
immunity, subdued magic 1, AC +20
0: Orb of Zot
}: 15/15 runes: decaying, slimy, silver, golden, iron, obsidian, icy, bone,
abyssal, demonic, glowing, magical, fiery, dark, gossamer
a: Stop Flying, Blink, Divine Shield, Cleansing Flame, Summon Divine Warrior,
Renounce Religion, Evoke Berserk Rage


You escaped.
You worshipped the Shining One.
The Shining One was exalted by your worship.
You were completely stuffed.

You visited 17 branches of the dungeon, and saw 87 of its levels.
You visited Pandemonium 2 times, and saw 21 of its levels.
You visited the Abyss 4 times.
You visited 1 ziggurat, and saw 16 of its levels.

You collected 16081 gold pieces.
You spent 1135 gold pieces at shops.

Inventory:

Hand Weapons
 I - a +9 broad axe of holy wrath (weapon)
Armour
 a - the -1 pair of gloves "Agaattin" (worn) {Slay+2 SInv}
   (You acquired it on level 3 of the Lair of Beasts)

   It affects your accuracy and damage with ranged weapons and melee attacks
   (+2).
   It lets you see invisible.
 f - the +2 pair of boots of the Ban (worn) {rC+ MR- Str+3 Dex+7}
   (You found it in Pandemonium)

   It affects your strength (+3).
   It affects your dexterity (+7).
   It protects you from cold.
   It affects your resistance to hostile enchantments.
 n - a +2 large shield of resistance (worn)
 q - a scarf of repulsion (worn)
 C - a +2 helmet (worn)
 K - +7 gold dragon scales (worn)
Jewellery
 g - the ring of Phasing {EV+8}
   (You found it on level 5 of the Pits of Slime)

   [ring of evasion]

   It affects your evasion (+8).
 h - the amulet "Reagakk" (around neck) {+Rage rF+ rC+ SInv}
   (You took it off a vault sentinel on level 5 of the Vaults)

   [amulet of rage]

   It protects you from fire.
   It protects you from cold.
   It lets you see invisible.
   It lets you go berserk.
 j - the amulet of the Air {Inacc +Fly rElec EV+5 RMsl}
   (You found it on level 5 of the Vaults)

   [amulet of inaccuracy]

   It reduces the accuracy of all your attacks.
   It affects your evasion (+5).
   It insulates you from electricity.
   It lets you fly.
   It protects you from missiles.
 l - the amulet "Xeehuoroe" {RegenMP *Corrode rN+++ Str+3 SInv}
   (You found it on level 3 of the Tomb of the Ancients)

   [amulet of magic regeneration]

   It increases your magic regeneration.
   It affects your strength (+3).
   It renders you almost immune to negative energy.
   It lets you see invisible.
   It may corrode you when you take damage.
 p - an uncursed ring of resist corrosion
 r - an uncursed amulet of regeneration
 A - the ring "Suvu" {*Tele rElec Int+3 Slay-3}
   (You found it on level 3 of the Tomb of the Ancients)

   [ring of teleportation]

   It may teleport you next to monsters.
   It affects your intelligence (+3).
   It affects your accuracy and damage with ranged weapons and melee attacks
   (-3).
   It insulates you from electricity.
 J - the amulet of Har Pasu {Inacc *Contam +Inv MR+ Int+4}
   (You found it on level 4 of a ziggurat)

   [amulet of inaccuracy]

   It reduces the accuracy of all your attacks.
   It affects your intelligence (+4).
   It affects your resistance to hostile enchantments.
   It lets you turn invisible.
   It causes magical contamination when unequipped.
 M - an uncursed amulet of guardian spirit
 N - the ring of Scepticism {*Drain +Fly rC++ Str+6}
   (You found it on level 6 of a ziggurat)

   [ring of flight]

   It affects your strength (+6).
   It greatly protects you from cold.
   It lets you fly.
   It causes draining when unequipped.
 S - the ring of the Mage (left hand) {Wiz MR++ Int+3}
   (You found it on level 14 of the Dungeon)

   [ring of wizardry]

   It improves your spell success rate.
   It affects your intelligence (+3).
   It affects your resistance to hostile enchantments.
 T - the ring of Creativity (right hand) {rC- rN+ Str+7 Dex+7}
   (You found it on level 1 of the Depths)

   [ring of positive energy]

   It affects your strength (+7).
   It affects your dexterity (+7).
   It makes you vulnerable to cold.
   It protects you from negative energy.
 V - the amulet "Tycziz" {Faith +Blink rC+ MR- SInv}
   (You found it on level 3 of the Tomb of the Ancients)

   [amulet of faith]

   It allows you to gain divine favour quickly.
   It protects you from cold.
   It affects your resistance to hostile enchantments.
   It lets you see invisible.
   It lets you blink.
Wands
 w - a wand of digging (23)
Scrolls
 c - a scroll of magic mapping
 d - 15 scrolls of teleportation
 m - 15 scrolls of fog
 o - 40 scrolls of remove curse
 y - 47 scrolls of identify
 z - 6 scrolls of brand weapon
 E - 6 scrolls of blinking
 H - 9 scrolls of enchant weapon
 R - a scroll of summoning
 U - a scroll of silence
Potions
 b - 2 potions of curing
 i - 5 potions of might
 s - 16 potions of mutation
 v - 6 potions of cancellation
 L - a potion of agility
Miscellaneous
 k - 6 boxes of beasts
 t - a lightning rod (4/4)
 u - 4 phantom mirrors
 x - a phial of floods
 F - a lamp of fire
 Q - a sack of spiders
Comestibles
 e - 14 meat rations
 B - 34 bread rations


   Skills:
 O Level 27 Fighting
 O Level 27 Axes
 O Level 27 Armour
 O Level 27 Dodging
 O Level 27 Shields
 + Level 25.6 Invocations
 + Level 18.3 Evocations


You had 26 spell levels left.
You didn't know any spells.

Dungeon Overview and Level Annotations

Branches:
Dungeon (15/15)            Temple (1/1) D:4            Lair (6/6) D:10
  Swamp (4/4) Lair:3       Spider (4/4) Lair:4        Slime (5/5) Lair:6
    Orc (2/2) D:9             Elf (0/3) Orc:2        Vaults (5/5) D:13
  Crypt (3/3) Vaults:3       Tomb (3/3) Crypt:3      Depths (5/5) D:15
   Hell (1/1)                 Dis (7/7) Hell            Geh (7/7) Hell
    Coc (7/7) Hell            Tar (7/7) Hell            Zot (5/5) Depths:5

Altars:
Cheibriados
Dithmenos
Elyvilon
Fedhas
Gozag
Hepliaklqana
Kikubaaqudgha
Makhleb
Nemelex Xobeh
Okawaru
Qazlal
Ru
Sif Muna
Trog
Uskayaw
Vehumet
Wu Jian
Xom
Yredelemnul
Zin
The Shining One
Beogh
Lugonu

Shops:
D:7 (   D:8 (   Orc:1 *   Orc:2 (*::   Depths:2 *

Portals:
Hell: Depths:1 Depths:2 Depths:3 Depths:4 Depths:5
Abyss: Depths:3 Depths:4 Depths:5
Pandemonium: Depths:2 Depths:3

Annotations:
Vaults:5 2 exclusions
Coc:7 Antaeus


Innate Abilities, Weirdness & Mutations

You are resistant to torment.
Your stone body is resilient. (AC +20)
You are immune to poison.
Your large and strong wings let you fly indefinitely.
You resist negative energy. (rN+)
You are resistant to electric shocks. (rElec)
You can survive without breathing.
You are immune to petrification.
You are immune to rotting.
You are partially covered in slimy green scales. (AC +2)
You are partially covered in thin metallic scales. (AC +2)
You are partially covered in yellow scales. (AC +2)
You can translocate small distances at will.
You possess an exceptional clarity of mind.
You are frail. (-10% HP)
You are somewhat resistant to further mutation.
You are very weak. (Str -4)
Your spells are a little easier to cast, but a little less powerful.


Message History

No target in view!
No target in view!
No target in view!
No target in view!
(D) Dungeon (T) Temple (L) Lair (S) Swamp (N) Spider Nest (M) Slime Pits (O) Orcish Mines (E) Elven Halls (V) Vaults (C) Crypt (W) Tomb (U) Depths (H) Hell (I) Dis (G) Gehenna (X) Cocytus (Y) Tartarus (Z) Zot
Where to? (* - list waypoints, Enter - D:1 @ (x,y), ? - help)
There is a large open door here.
A hellion comes into view.
There is a large open door here.
You chop the hellion into pieces!!!!
You kill the hellion!
The Shining One accepts your kill.
There is a large open door here.
There is a staircase leading out of the dungeon here.
Okay, then.
You have escaped!

........#####≈..8..........8..≈..
..#.#.#......≈.##############.≈.#
.........####≈8#.#.≈≈.#≈≈≈≈≈#8≈.#
.###.....# #≈.#.#.≈≈.#≈...≈#.≈.#
......#### #≈.#.#.≈≈.#≈.#.≈#.≈.#
####..# #≈.#.#.≈≈.#≈.#.≈#8≈.#
#..# #≈.#.#.≈≈.#≈.#.≈#.≈.# ##.#
#≈.#.'....'..#..'.[.# #.#
#≈.#@'....'..#..'...# #.#
#≈.#.#.≈§.#≈.#.≈#.≈##
####.#######≈.#.#.§≈.#≈.#.≈#8≈#
#...........≈.#.#.§≈.#≈.#.≈#.≈#
#.##.##.####≈.#.#.≈≈§#≈...≈#.≈#
#.##.##.####≈8#.#.≈≈.#≈≈≈≈≈#8≈#
#.##.##....#≈.##############.≈#
#.##..#.....≈..8..........8..≈#
#.##.#......≈≈≈≈≈≈≈≈≈≈≈≈≈≈≈≈≈≈##


There were no monsters in sight!

Vanquished Creatures
  Cerebov (Pan)
  Asmodeus (Geh:7)
  the Royal Jelly (Slime:5)
  Ereshkigal (Tar:7)
  Lom Lobon (Pan)
  the Serpent of Hell (Tar:7)
  Mnoleg (Pan)
  Dispater (Dis:7)
  12 pandemonium lords
  2 orbs of fire (Zot:5)
  3 ancient liches
  5 juggernauts
  15 greater mummies
  Sojobo (Crypt:3)
  9 shard shrikes
  Frederick (Depths:5)
  Boris (twice) (Vaults:4 Crypt:3)
  3 curse toes
  Geryon (Hell)
  12 golden dragons
  5 Killer Klowns
  Jory (Crypt:2)
  18 bone dragons
  3 profane servitors
  3 electric golems
  21 Tzitzimimeh
  6 doom hounds
  20 Brimstone Fiends
  12 Hell Sentinels
  6 iron giants
  3 hellephants (Pan)
  17 tentacled monstrosities
  Rupert (Orc:2)
  17 Ice Fiends
  21 Orb Guardians
  11 liches
  8 titans
  A shard shrike skeleton (Crypt:1)
  6 quicksilver dragons
  27 acid blobs
  Asterion (Spider:1)
  A deep elf master archer (Zig:7)
  Frances (D:14)
  7 eldritch tentacles
  13 tentacled starspawn
  18 ancient champions
  7 death cobs
  9 sphinxes
  23 Executioners
  12 tengu reavers
  13 shadow dragons
  A storm dragon (shapeshifter) (Depths:3)
  A thorn hunter (Swamp:4)
  4 revenants
  An azure jelly (shapeshifter) (Zig:12)
  9 azure jellies
  18 storm dragons
  19 fire giants
  2 draconian monks (Zig:15)
  2 deep elf sorcerers
  4 iron dragons
  16 vault wardens
  22 cacodemons
  7 draconian scorchers
  A caustic shrike zombie (Zig:14)
  An orc warlord (Zig:8)
  10 draconian knights
  6 ghost moths
  Aizul (Spider:4)
  9 ghouls
  4 curse skulls
  11 frost giants
  10 draconian shifters
  6 emperor scorpions
  40 balrugs
  A spriggan defender (Depths:2)
  A deep elf elementalist (Depths:2)
  5 draconian stormcallers
  15 war gargoyles
  3 elemental wellsprings
  13 draconian annihilators
  11 ironheart preservers
  8 warmongers (Pan)
  10 blood saints (Pan)
  72 reapers
  A caustic shrike skeleton (Zig:11)
  10 green draconians
  36 very ugly things
  5 entropy weavers
  44 stone giants
  5 bennus
  12 corrupters (Pan)
  12 vampire knights
  5 black suns (Pan)
  2 deep elf demonologists
  9 black draconians
  14 white draconians
  13 red draconians
  8 yellow draconians
  Azrael (D:14)
  10 purple draconians
  11 lorocyprocas
  5 spark wasps
  9 deep elf annihilators
  44 blizzard demons
  3 deep elf death magi
  4 death oozes (Slime:5)
  10 eidola
  A merfolk impaler (Abyss:3)
  24 green deaths
  18 ettins
  3 quicksilver dragon zombies
  A kraken zombie (Hell)
  16 fire dragons
  10 crystal guardians (Depths:3)
  Josephine (Spider:1)
  A minotaur (shapeshifter) (Depths:4)
  13 jiangshi
  2 spectral krakens (Tar:7)
  19 yaktaur captains
  3 deep elf high priests
  18 mummy priests
  Fannar (Lair:1)
  24 hydras
  21 great orbs of eyes
  11 rakshasas
  34 vault guards
  Harold (Lair:4)
  31 ice dragons
  4 quicksilver dragon skeletons
  11 monstrous demonspawn (Pan)
  8 hell beasts
  A ghost crab (Swamp:4)
  A catoblepas (D:13)
  4 spriggan air magi
  12 alligators
  5 death knights
  16 ogre magi
  21 dancing weapons
  The ghost of zero the Cleaver, a journeyman GrBe of Trog (D:9)
  9 tengu warriors
  9 centaur warriors
  61 two-headed ogres
  9 death yaks
  5 vampire magi
  2 two-headed ogres (shapeshifter)
  33 death scarabs
  15 thrashing horrors
  2 satyrs (Zig:7)
  9 deep troll earth magi
  9 deep troll shamans
  34 hell hogs
  70 large abominations
  2 naga sharpshooters (Zig:7)
  3 iron golems
  2 spriggan berserkers
  12 titan zombies
  9 storm dragon zombies
  7 orc high priests
  2 shock serpents (Zig:5)
  3 titan skeletons
  3 deep elf knights
  39 soul eaters
  3 storm dragon skeletons
  107 skeletal warriors
  2 fire crabs (shapeshifter)
  12 wretched stars
  9 golden dragon zombies
  97 sun demons
  13 iron trolls
  36 sixfirhies
  6 shadow wraiths
  5 spatial maelstroms
  36 deep trolls
  A spark wasp zombie (Zig:11)
  22 flayed ghosts
  14 anaconda zombies
  2 glowing orange brains (shapeshifter)
  62 hell knights
  A deep troll (shapeshifter) (Vaults:3)
  15 wizards
  3 ghost moth zombies
  34 shadow demons
  4 unseen horrors
  A kraken simulacrum (Hell)
  10 gelid demonspawn (Pan)
  5 deep elf archers
  19 ironbrand convokers
  A spriggan druid (Swamp:4)
  2 shambling mangroves (Swamp:4)
  20 starcursed masses
  8 swamp dragons
  A swamp dragon (shapeshifter) (Depths:3)
  9 glowing orange brains
  11 infernal demonspawn (Pan)
  3 obsidian statues
  A tengu zombie (Zig:11)
  8 torturous demonspawn (Pan)
  7 shadow dragon zombies
  25 necromancers
  3 lindwurms (shapeshifter)
  3 anaconda skeletons
  35 phantasmal warriors
  8 frost giant zombies
  3 golden dragon skeletons
  16 orc knights
  2 harpies (shapeshifter)
  2 wolf spiders (shapeshifter) (Vaults:5)
  A cyclops (shapeshifter) (Depths:2)
  3 orb spiders
  Pikel (D:6)
  An orb spider (shapeshifter) (Depths:3)
  12 deep elf magi
  A salamander (shapeshifter) (Vaults:2)
  3 wolf spider zombies
  2 mana vipers (Abyss:3)
  10 iron dragon zombies
  67 ugly things
  4 shadow dragon skeletons
  9 orc sorcerers
  33 wolf spiders
  6 manticores
  A moth of wrath (shapeshifter) (Depths:3)
  5 oklob plants
  2 fauns (Zig:7)
  2 fauns (shapeshifter)
  6 shining eyes
  20 cyclopes
  10 stone giant zombies
  11 fire giant zombies
  2 iron dragon skeletons
  A manticore (shapeshifter) (Depths:5)
  6 worldbinders
  10 elephants (Lair:6)
  9 frost giant skeletons
  10 apocalypse crabs
  12 black mambas
  6 fire giant skeletons
  2 shock serpent zombies
  8 stone giant skeletons
  Maurice (D:12)
  3 dire elephant zombies
  An elf zombie (Zig:14)
  29 moths of wrath
  11 vault sentinels
  A guardian serpent (Lair:6)
  2 black mambas (shapeshifter)
  9 eyes of devastation
  An eye of devastation (shapeshifter) (Depths:4)
  8 molten gargoyles
  6 gargoyles
  18 spiny frogs
  104 smoke demons
  5 catoblepas zombies
  An ice statue (Hell)
  An emperor scorpion zombie (Dis:2)
  32 orange demons
  46 rust devils
  A torpor snail (Spider:2)
  6 dire elephant skeletons
  A shock serpent skeleton (Coc:4)
  A torpor snail (shapeshifter) (Depths:3)
  A rime drake (shapeshifter) (Depths:5)
  9 spectral swamp worms (Tar:7)
  13 efreet
  11 ancient zymes
  36 hellions
  6 komodo dragons
  47 freezing wraiths
  31 demonic crawlers
  A grey draconian skeleton (Crypt:1)
  40 tormentors
  An iron troll zombie (Crypt:2)
  43 guardian mummies
  A rime drake (Lair:2)
  A yaktaur (shapeshifter) (Vaults:5)
  52 yaktaurs
  A kobold demonologist (Abyss:1)
  2 anaconda simulacra
  51 hellwings
  41 ice devils
  A komodo dragon (shapeshifter) (Depths:5)
  A harpy zombie (Coc:7)
  3 silent spectres
  A polar bear (shapeshifter) (Vaults:1)
  A minotaur zombie (Dis:7)
  2 tengu conjurers
  47 red devils
  23 jumping spiders
  15 polar bears
  2 wind drakes (Depths:3)
  20 trolls
  14 hydra zombies
  2 jumping spiders (shapeshifter)
  A meliai (shapeshifter) (Vaults:3)
  Prince Ribbit (D:7)
  8 tyrant leeches
  26 hornets
  33 raiju
  4 ice dragon zombies
  9 blink frogs
  A wind drake (shapeshifter) (Depths:1)
  7 alligator zombies
  A frost giant simulacrum (Crypt:1)
  83 slime creatures
  A meliai zombie (D:13)
  3 raiju (shapeshifter)
  2 tarantella zombies (Crypt:1)
  4 harpy skeletons
  21 bog bodies
  3 fire dragon zombies
  6 hippogriffs (shapeshifter)
  4 hydra skeletons
  12 dream sheep
  11 ettin zombies
  13 hippogriffs
  160 flying skulls
  3 black mamba zombies
  13 water elementals
  9 spriggans
  9 air elementals
  22 tarantellas
  68 redbacks
  4 vampires
  22 shadows
  5 alligator skeletons
  11 ettin skeletons
  A dire elephant simulacrum (Coc:2)
  A satyr skeleton (Crypt:2)
  32 wraiths
  21 yaks
  3 ice dragon skeletons
  17 wyverns
  Eustachio (D:4)
  A hog (shapeshifter) (Vaults:3)
  5 fire dragon skeletons
  46 ynoxinuls
  A black mamba skeleton (Tar:1)
  2 golden eyes
  4 basilisks
  38 chaos spawn
  27 fire elementals
  15 ushabtiu
  A golden eye (shapeshifter) (Depths:4)
  11 vampire mosquitoes
  5 hungry ghosts
  Grum (D:9)
  A steam dragon (D:11)
  An emperor scorpion simulacrum (Coc:4)
  22 neqoxecs
  12 wargs
  Menkaure (D:7)
  A merfolk zombie (Dis:6)
  A soldier ant (shapeshifter) (Depths:1)
  10 spatial vortices
  5 acid dragons
  6 insubstantial wisps
  18 swamp worms
  A soldier ant (D:11)
  2 hydra simulacra
  40 hell hounds
  18 spiny frog zombies
  2 floating eyes (shapeshifter)
  18 water moccasins
  The ghost of Charly the Ruffian, an amateur VSTm of Cheibriados (D:4)
  2 swamp drakes (shapeshifter)
  6 porcupines
  A porcupine (shapeshifter) (Vaults:4)
  8 spiny frog skeletons
  10 ice beasts
  43 orc warriors
  9 sky beasts
  4 snapping turtle zombies
  8 floating eyes
  11 swamp drakes
  An alligator simulacrum (Coc:6)
  An ettin simulacrum (Coc:4)
  10 phantoms
  3 slaves (D:6)
  A black bear (shapeshifter) (Vaults:3)
  17 black bears
  30 necrophages
  2 swamp dragon zombies
  50 ogres
  26 wolves
  11 eyes of draining
  4 boggarts
  19 centaurs
  A manticore skeleton (Tar:1)
  4 snapping turtle skeletons
  5 elf skeletons
  27 crocodiles
  22 small abominations
  4 big kobolds
  A yaktaur zombie (Crypt:1)
  12 bullfrogs
  2 gnoll sergeants
  A glowing shapeshifter simulacrum (Vaults:5)
  8 earth elementals (Depths:3)
  A spiny frog simulacrum (Coc:3)
  A wyvern zombie (D:11)
  6 scorpions
  11 wyvern skeletons
  2 spriggan zombies
  3 spriggan skeletons
  68 wights
  11 howler monkeys
  2 electric eels
  5 lava snakes (Lair:4)
  13 crimson imps
  7 centaur zombies
  5 jellies
  2 quasits (D:12)
  A yaktaur simulacrum (Vaults:1)
  3 human zombies
  6 hounds
  20 orc priests
  A human skeleton (Coc:4)
  42 orc wizards
  3 centaur skeletons
  A gnoll shaman (D:7)
  20 iron imps
  4 bullfrog skeletons
  5 iguanas
  7 lightning spires
  Natasha (thrice) (D:2)
  A hell rat (D:10)
  14 worker ants
  An ogre zombie (Dis:2)
  A centaur simulacrum (D:11)
  A tengu skeleton (Coc:4)
  A hound zombie (Crypt:1)
  2 hound skeletons (D:4)
  47 mummies
  A worker ant zombie (D:11)
  15 adders
  17 gnolls
  A scorpion zombie (Crypt:2)
  14 shadow imps
  20 white imps
  2 adder skeletons
  2 adder zombies
  A lava snake skeleton (Crypt:2)
  A worm (D:3)
  4 ball lightnings (Pan)
  4 dart slugs
  14 leopard geckos
  81 orcs
  6 giant cockroaches
  5 goblins
  16 hobgoblins
  13 jackals
  11 kobolds
  7 quokkas
  A ball python (D:4)
  6 bats
  8 frilled lizards
  A frilled lizard skeleton (Crypt:1)
  A gnoll zombie (Crypt:2)
  2 kobold skeletons
  2 kobold zombies
  3 leopard gecko skeletons
  3 leopard gecko zombies
  An orc zombie (Dis:7)
  2 quokka zombies (D:5)
  8 rats
  A crawling corpse (Vaults:5)
  32 fire vortices
  A fungus (Lair:1)
  8 plants
  25 starspawn tentacles
  8 tentacles
  2 withered plants (Crypt:3)
5468 creatures vanquished.

Vanquished Creatures (collateral kills)
  Gloorx Vloq (Pan)
  Mara (Spider:3)
  2 orbs of fire (Zot:5)
  2 ancient liches
  A greater mummy (Tomb:3)
  3 shard shrikes (Coc:7)
  Arachne (Spider:2)
  4 Tzitzimimeh
  2 bone dragons (Tar:7)
  3 doom hounds
  7 Brimstone Fiends
  An electric golem (Zot:5)
  4 Hell Sentinels
  3 Ice Fiends
  A tentacled monstrosity (Zot:5)
  A lich (Depths:2)
  5 Orb Guardians (Zot:5)
  A quicksilver dragon (Zot:5)
  An acid blob (Zig:13)
  An Executioner (Dis:7)
  Agnes (Spider:4)
  2 shadow dragons
  An eldritch tentacle (Coc:7)
  A fire giant (Vaults:5)
  A storm dragon (Zot:5)
  Roxanne (Spider:1)
  A blood saint (Pan)
  Louise (Swamp:2)
  A deep elf sorcerer (Vaults:5)
  3 balrugs
  3 frost giants
  An orc warlord (Zig:16)
  A draconian annihilator (Zig:15)
  2 very ugly things (Vaults:3)
  2 war gargoyles (Dis:7)
  10 reapers
  An entropy weaver (Spider:4)
  4 stone giants
  A bennu (Tomb:2)
  A black draconian (Depths:5)
  A corrupter (Pan)
  A white draconian (Zig:15)
  A yellow draconian (Depths:5)
  4 blizzard demons
  3 green deaths (Pan)
  A mummy priest (Tomb:2)
  A great orb of eyes (Pan)
  2 yaktaur captains (Depths:5)
  2 ice dragons
  3 hydras
  A monstrous demonspawn (Pan)
  A ghost crab (Tar:6)
  A two-headed ogre (Tar:7)
  A deep troll shaman (Vaults:3)
  6 death yaks
  4 hell hogs
  8 death scarabs
  A titan zombie (Geh:7)
  A deep troll earth mage (Depths:5)
  A spriggan (Swamp:2)
  15 hell knights
  Sonja (D:14)
  A titan skeleton (Geh:4)
  A soul eater (Tar:7)
  17 sun demons
  A sixfirhy (Pan)
  5 skeletal warriors
  2 anaconda zombies
  3 shadow demons
  4 deep trolls
  An infernal demonspawn (Pan)
  2 obsidian statues (Depths:3)
  A golden dragon skeleton (Tar:7)
  4 wolf spiders
  3 shadow dragon skeletons
  9 orb spiders
  An oklob plant (Zig:15)
  A fire giant zombie (Tar:7)
  2 necromancers
  2 cyclopes
  A shining eye (Slime:4)
  2 rust devils (Dis:7)
  An ice statue (Coc:7)
  2 fire giant skeletons
  A stone giant skeleton (Tar:7)
  A black mamba (Lair:6)
  2 iron dragon skeletons
  A frost giant skeleton (Geh:7)
  A yaktaur (Depths:1)
  2 spectral swamp worms (Tar:7)
  3 orange demons
  5 smoke demons
  2 demonic crawlers (Spider:1)
  5 ice devils
  A yaktaur (shapeshifter) (Vaults:1)
  3 efreet
  3 hellwings
  8 guardian mummies
  2 silent spectres
  3 freezing wraiths
  A catoblepas skeleton (Tar:7)
  3 trolls
  A harpy zombie (Coc:7)
  5 red devils
  3 slime creatures (Slime:4)
  2 hornets
  2 hydra skeletons
  5 jumping spiders
  2 polar bears (Lair:6)
  3 large abominations (Pan)
  2 bog bodies (Coc:7)
  A raiju (Lair:6)
  An ettin skeleton (Coc:7)
  8 flying skulls
  11 redbacks
  2 ushabtiu (Tomb:3)
  2 black mamba zombies
  A shadow (Tar:7)
  2 tarantellas (Spider:1)
  2 ynoxinuls (Pan)
  2 ice dragon skeletons
  A basilisk (Lair:1)
  7 wraiths
  A warg (Lair:6)
  An insubstantial wisp (Swamp:2)
  3 hell hounds
  A spiny frog zombie (Coc:7)
  A porcupine (D:10)
  2 orc warriors (Zig:16)
  An ice beast (D:10)
  3 black bears
  4 necrophages
  An ogre (Tar:6)
  3 boggarts
  2 phantoms
  A snapping turtle skeleton (Tar:2)
  A bullfrog (Lair:1)
  A troll zombie (Geh:4)
  5 wights
  An electric eel (Spider:2)
  A crimson imp (D:12)
  A hound (D:10)
  An iron imp (Dis:7)
  A human skeleton (Tar:4)
  A human zombie (Tar:7)
  3 mummies
  2 river rats (D:10)
  A shadow imp (Tar:2)
  2 white imps
  2 ball lightnings (Pan)
  An orc (Vaults:3)
  7 fire vortices (Geh:7)
  A fungus (Lair:5)
378 creatures vanquished.

Vanquished Creatures (others)
  A pandemonium lord (Pan)
  An Executioner (Pan)
  4 eldritch tentacles
  A draconian annihilator (Zig:15)
  3 elemental wellsprings
  A white draconian (Zig:10)
  Nessos (D:14)
  A blizzard demon (Pan)
  2 crystal guardians (Depths:3)
  A hydra (Swamp:4)
  15 death scarabs (Tomb:2)
  3 hell hogs
  2 sixfirhies (Pan)
  A skeletal warrior (Coc:4)
  A wizard (Pan)
  A large abomination (Pan)
  2 cyclopes
  2 moths of wrath (Zot:5)
  An orange demon (Pan)
  A kobold demonologist (Abyss:1)
  A jumping spider (Spider:4)
  An air elemental (Depths:3)
  4 flying skulls
  A meliai zombie (D:15)
  A shadow (Geh:4)
  A ynoxinul (Pan)
  A wraith (Geh:7)
  A tarantella (Spider:1)
  A chaos spawn (Pan)
  An insubstantial wisp (Depths:3)
  A hell hound (Dis:7)
  A small abomination (Abyss:3)
  An ogre (D:15)
  3 centaurs
  A centaur (shapeshifter) (Depths:3)
  A big kobold (Abyss:1)
  An elf zombie (Geh:3)
  2 wights
  2 mummies (Tomb:2)
  49 ball lightnings
  3 kobolds (Abyss:1)
  A kobold zombie (Geh:7)
  A block of ice (Pan)
  2 briar patches (Swamp:4)
  A crawling corpse (Vaults:5)
  2 demonic plants (Pan)
  A fire vortex (Geh:7)
  17 fungi (Lair:6)
  A lurking horror (Abyss:3)
  25 plants
  21 starspawn tentacles
  13 tentacles
  3 withered plants (Crypt:3)
211 creatures vanquished.

Grand Total: 6057 creatures vanquished

Notes
Turn   | Place    | Note
-------+----------+-------------------------------------------
     0 | D:1      | zero the Gargoyle Berserker began the quest for the Orb.
     0 | D:1      | Reached XP level 1. HP: 14/14 MP: 1/1
     0 | D:1      | 0 ||| counter = 78
   260 | D:1      | Reached XP level 2. HP: 19/19 MP: 2/2
   784 | D:1      | 784 ||| UPGRADING to runed chain mail.
   794 | D:1      | 794 ||| DROPPING +0 animal skin.
   795 | D:1      | 795 ||| UPGRADING to shield.
   800 | D:1      | 800 ||| UPGRADING to shadow dragon scales.
   810 | D:1      | 810 ||| READING 3 scrolls labeled KOTUTH QORET.
   811 | D:1      | 811 ||| READING scroll labeled ZEFAKO ZAULOST.
   812 | D:1      | 812 ||| READING scroll labeled NUOSEQ ZIUSUI.
   813 | D:1      | 813 ||| DROPPING 2 scrolls of amnesia.
   836 | D:2      | 836 ||| STAIRDANCE
   928 | D:2      | 928 ||| DROPPING club.
   957 | D:2      | Reached skill level 1 in Shields
  1059 | D:2      | Noticed Natasha
  1068 | D:2      | 1068 ||| INVOKING Berserk.
  1071 | D:2      | Killed Natasha
  1071 | D:2      | Reached XP level 3. HP: 23/23 MP: 3/3
  1120 | D:2      | Noticed Natasha
  1137 | D:2      | 1137 ||| INVOKING Berserk.
  1139 | D:2      | Killed Natasha
  1139 | D:2      | Reached XP level 4. HP: 28/28 MP: 4/4
  1581 | D:2      | Noticed Natasha
  1592 | D:2      | 1592 ||| INVOKING Berserk.
  1593 | D:2      | Reached ** piety under Trog
  1596 | D:2      | Killed Natasha
  1756 | D:2      | Found a sparkling altar of Nemelex Xobeh.
  1778 | D:2      | 1778 ||| READING 2 scrolls labeled LIUDA KUCW.
  1779 | D:2      | 1779 ||| UPGRADING to mace.
  1780 | D:2      | 1780 ||| SWAPPING to +1 hand axe.
  1781 | D:2      | 1781 ||| DRINKING 3 emerald potions.
  1841 | D:3      | Found a faded altar of an unknown god.
  1871 | D:3      | 1871 ||| STAIRDANCE
  1977 | D:3      | Reached XP level 5. HP: 32/32 MP: 5/5
  2444 | D:3      | Found an ancient bone altar of Kikubaaqudgha.
  2751 | D:3      | 2751 ||| UPGRADING to sapphire ring.
  2752 | D:3      | 2752 ||| REMOVING ring of wizardry.
  2753 | D:3      | 2753 ||| DROPPING ring of wizardry.
  2754 | D:3      | 2754 ||| UPGRADING to glass ring.
  2755 | D:3      | 2755 ||| READING scroll labeled AGGYTSUKEPS.
  2881 | D:4      | Reached skill level 5 in Axes
  2930 | D:4      | Reached XP level 6. HP: 38/38 MP: 6/6
  3122 | D:4      | Noticed Charly's ghost (amateur VSTm)
  3127 | D:4      | 3127 ||| INVOKING Berserk.
  3140 | D:4      | Killed Charly's ghost
  3149 | D:4      | 3149 ||| EATING 2 fruits.
  3480 | D:4      | Reached XP level 7. HP: 43/43 MP: 7/7
  3580 | D:4      | 3580 ||| READING scroll of enchant weapon.
  3580 | D:4      | 3580 ||| ENCHANTING +1 hand axe.
  3630 | D:4      | Noticed Eustachio
  3647 | D:4      | Killed Eustachio
  3833 | D:4      | Found a staircase to the Ecumenical Temple.
  3839 | Temple   | Entered the Ecumenical Temple
  3840 | Temple   | 3840 ||| Entered T.
  3927 | Temple   | 3927 ||| READING scroll labeled BOT KOTEATRI.
  3931 | Temple   | 3931 ||| DRINKING 2 yellow potions.
  3932 | Temple   | 3932 ||| DROPPING potion of magic.
  3986 | D:4      | Reached *** piety under Trog
  4002 | D:4      | 4002 ||| INVOKING Berserk.
  4010 | D:4      | Reached XP level 8. HP: 48/48 MP: 8/8
  4024 | D:4      | 4024 ||| EATING fruit.
  4121 | D:4      | 4121 ||| EATING 2 royal jellies.
  4122 | D:4      | 4122 ||| UPGRADING to flail.
  4123 | D:4      | 4123 ||| SWAPPING to +2 hand axe.
  4124 | D:4      | 4124 ||| DROPPING +0 mace.
  4169 | D:4      | Found a bloodstained altar of Trog.
  4242 | D:5      | Entered Level 5 of the Dungeon
  4509 | D:5      | Reached skill level 5 in Fighting
  4564 | D:5      | 4564 ||| INVOKING Berserk.
  4571 | D:5      | Reached skill level 5 in Shields
  4576 | D:5      | 4576 ||| EATING royal jelly.
  4707 | D:5      | Found a hide-covered altar of Uskayaw.
  4732 | D:5      | 4732 ||| INVOKING Berserk.
  4822 | D:5      | 4822 ||| EATING 6 bread rations.
  5127 | D:5      | 5127 ||| SWAPPING to war axe.
  5131 | D:5      | 5131 ||| DROPPING +2 hand axe.
  5469 | D:5      | 5469 ||| STAIRDANCE
  5499 | D:4      | 5499 ||| UPGRADING to silver ring.
  5500 | D:4      | 5500 ||| REMOVING ring of stealth.
  5501 | D:4      | 5501 ||| DROPPING ring of stealth.
  5502 | D:4      | 5502 ||| READING scroll labeled DYDOJEPTYK.
  5503 | D:4      | 5503 ||| DRINKING 2 orange potions.
  5504 | D:4      | 5504 ||| DRINKING 2 fizzy emerald potions.
  5505 | D:4      | 5505 ||| DROPPING wand of random effects (22).
  5506 | D:4      | 5506 ||| DROPPING potion of degeneration.
  6067 | D:6      | Reached XP level 9. HP: 54/55 MP: 9/9
  6282 | D:6      | Found a shadowy altar of Dithmenos.
  6287 | D:6      | 6287 ||| INVOKING Berserk.
  6293 | D:6      | Reached **** piety under Trog
  6368 | D:6      | 6368 ||| EATING 5 bread rations.
  6407 | D:6      | Found a glowing golden altar of the Shining One.
  6652 | D:6      | 6652 ||| UPGRADING to small lapis lazuli amulet.
  6653 | D:6      | 6653 ||| REMOVING amulet of harm.
  6654 | D:6      | 6654 ||| DROPPING amulet of harm.
  6655 | D:6      | 6655 ||| UPGRADING to small cabochon ring.
  6656 | D:6      | 6656 ||| READING scroll labeled OMIUMAT ETIRO.
  6657 | D:6      | 6657 ||| READING scroll labeled TOUNOM GATAH.
  6658 | D:6      | 6658 ||| DRINKING 2 pink potions.
  6711 | D:7      | Noticed Menkaure
  6726 | D:7      | Killed Menkaure
  6810 | D:7      | Noticed Prince Ribbit
  6810 | D:7      | 6810 ||| INVOKING Berserk.
  6828 | D:7      | Killed Prince Ribbit
  6895 | D:7      | Noticed Pikel
  6898 | D:7      | 6898 ||| STAIRDANCE
  7041 | D:6      | 7041 ||| UPGRADING to shiny peridot ring.
  7043 | D:6      | 7043 ||| REMOVING ring of magical power.
  7044 | D:6      | 7044 ||| DROPPING ring of magical power.
  7045 | D:6      | 7045 ||| UPGRADING to ring of protection from magic.
  7048 | D:7      | 7048 ||| STAIRDANCE
  7076 | D:7      | 7076 ||| STAIRDANCE
  7078 | D:6      | 7078 ||| INVOKING Berserk.
  7083 | D:6      | Killed Pikel
  7322 | D:7      | Reached XP level 10. HP: 63/63 MP: 10/10
  7461 | D:7      | Found Iroa's Weapon Boutique.
  7467 | D:7      | Bought a +2 hand axe of flaming for 226 gold pieces
  7467 | D:7      | 7467 ||| DROPPING +0 flail.
  7518 | D:7      | Found a shimmering altar of Xom.
  7519 | D:7      | Found a hazy altar of Hepliaklqana.
  7520 | D:7      | Noticed a spectral ugly thing
  7564 | D:7      | 7564 ||| UPGRADING to cloak.
  7569 | D:7      | 7569 ||| READING 5 scrolls of remove curse.
  7570 | D:7      | 7570 ||| UPGRADING to glowing opal ring.
  7572 | D:7      | 7572 ||| UPGRADING to ring of protection from magic.
  7574 | D:7      | 7574 ||| READING scroll labeled LUNYMI MALYASAPIALL.
  7621 | D:8      | Found a basalt altar of Yredelemnul.
  7631 | D:8      | 7631 ||| INVOKING Burn Spellbooks.
  7836 | D:8      | Found a radiant altar of Vehumet.
  7841 | D:8      | Found Maucef's Weapon Shoppe.
  7849 | D:8      | Bought a +0 broad axe for 48 gold pieces
  7849 | D:8      | 7849 ||| SWAPPING to +0 broad axe.
  7850 | D:8      | 7850 ||| DROPPING +0 war axe.
  7888 | D:8      | Got a smoking marble ring
  7935 | D:8      | Reached skill level 5 in Armour
  8023 | D:8      | 8023 ||| INVOKING Berserk.
  8349 | D:8      | Found an iron altar of Okawaru.
  8488 | D:8      | 8488 ||| UPGRADING to smoking marble ring.
  8489 | D:8      | Identified the ring "Lulicheh" {*Tele rC+} (You found it on level 8 of the Dungeon)
  8490 | D:8      | 8490 ||| REMOVING ring "Lulicheh" {*Tele rC+}.
  8491 | D:8      | 8491 ||| UPGRADING to ring of resist corrosion.
  8492 | D:8      | 8492 ||| DROPPING ring "Lulicheh" {*Tele rC+}.
  8493 | D:8      | 8493 ||| UPGRADING to ring of see invisible.
  8495 | D:8      | 8495 ||| DRINKING 2 black potions.
  8496 | D:8      | 8496 ||| READING 2 scrolls of identify.
  8496 | D:8      | 8496 ||| IDENTIFYING fizzy coppery potion
  8497 | D:8      | 8497 ||| DROPPING potion of ambrosia.
  8548 | D:9      | Reached ***** piety under Trog
  8549 | D:9      | 8549 ||| STAIRDANCE
  8686 | D:9      | Noticed a two-headed ogre
  8689 | D:9      | 8689 ||| INVOKING Berserk.
  8694 | D:9      | Killed a two-headed ogre
  8694 | D:9      | Reached skill level 10 in Axes
  8859 | D:9      | 8859 ||| INVOKING Berserk.
  8863 | D:9      | 8863 ||| EATING 2 royal jellies.
  9099 | D:9      | Found a sacrificial altar of Ru.
  9114 | D:9      | 9114 ||| INVOKING Burn Spellbooks.
  9133 | D:9      | Noticed zero's ghost (journeyman GrBe)
  9133 | D:9      | 9133 ||| INVOKING Brothers in Arms.
  9138 | D:9      | 9138 ||| INVOKING Berserk.
  9153 | D:9      | Noticed Grum
  9162 | D:9      | 9162 ||| READING 2 scrolls of teleportation.
  9448 | D:9      | Found a staircase to the Orcish Mines.
  9528 | D:9      | Found a glowing silver altar of Zin.
  9528 | D:9      | Noticed an angel
  9564 | D:9      | 9564 ||| INVOKING Brothers in Arms.
  9565 | D:9      | 9565 ||| INVOKING Brothers in Arms.
  9567 | D:9      | 9567 ||| INVOKING Berserk.
  9588 | D:9      | Killed zero's ghost
  9589 | D:9      | 9589 ||| EATING 2 royal jellies.
  9778 | D:9      | 9778 ||| INVOKING Berserk.
  9810 | D:9      | 9810 ||| EATING royal jelly.
  9951 | D:9      | 9951 ||| INVOKING Berserk.
  9998 | D:9      | 9998 ||| INVOKING Berserk.
 10003 | D:9      | Killed Grum
 10077 | D:9      | 10077 ||| EATING 4 fruits.
 10114 | D:9      | 10114 ||| INVOKING Berserk.
 10120 | D:9      | Reached XP level 11. HP: 71/71 MP: 11/11
 10382 | D:9      | 10382 ||| READING scroll labeled CUDORA HUHOSI.
 10383 | D:9      | 10383 ||| READING scroll labeled SAXKIKAMIM.
 10384 | D:9      | 10384 ||| DRINKING 2 smoky amethyst potions.
 10485 | D:9      | 10485 ||| READING 2 scrolls of identify.
 10485 | D:9      | 10485 ||| IDENTIFYING green potion
 10486 | D:9      | 10486 ||| DROPPING potion of invisibility.
 10487 | D:9      | 10487 ||| DROPPING potion of lignification.
 10535 | D:10     | Entered Level 10 of the Dungeon
 10585 | D:10     | 10585 ||| INVOKING Berserk.
 10631 | D:10     | 10631 ||| EATING 3 fruits.
 10831 | D:10     | 10831 ||| INVOKING Berserk.
 10940 | D:10     | 10940 ||| EATING 2 fruits.
 10968 | D:10     | Noticed a death yak
 10970 | D:10     | 10970 ||| INVOKING Brothers in Arms.
 10972 | D:10     | Killed a death yak
 10974 | D:10     | Found a staircase to the Lair.
 10974 | D:10     | Noticed a death yak
 10974 | D:10     | Noticed a death yak
 10979 | D:10     | Killed a death yak
 10980 | D:10     | Killed a death yak
 11198 | D:10     | 11198 ||| INVOKING Berserk.
 11220 | D:10     | 11220 ||| READING scroll of teleportation.
 11503 | D:10     | 11503 ||| STAIRDANCE
 11519 | D:9      | 11519 ||| UPGRADING to ring of protection from magic.
 11521 | D:9      | 11521 ||| UPGRADING to runed cabochon ring.
 11523 | D:9      | 11523 ||| DROPPING ring of protection from magic.
 11524 | D:9      | 11524 ||| UPGRADING to ring of see invisible.
 11581 | Lair:1   | Entered Level 1 of the Lair of Beasts
 11582 | Lair:1   | 11582 ||| Entered L.
 11584 | Lair:1   | Noticed an eight-headed hydra
 11585 | Lair:1   | 11585 ||| INVOKING Brothers in Arms.
 11587 | Lair:1   | 11587 ||| SWAPPING to +2 hand axe of flaming.
 11588 | Lair:1   | 11588 ||| INVOKING Berserk.
 11591 | Lair:1   | Killed a seven-headed hydra
 11600 | Lair:1   | 11600 ||| SWAPPING to +0 broad axe.
 11612 | Lair:1   | 11612 ||| EATING 2 fruits.
 11649 | Lair:1   | Noticed a five-headed hydra
 11662 | Lair:1   | 11662 ||| INVOKING Brothers in Arms.
 11664 | Lair:1   | 11664 ||| SWAPPING to +2 hand axe of flaming.
 11665 | Lair:1   | Killed a five-headed hydra
 11666 | Lair:1   | 11666 ||| SWAPPING to +0 broad axe.
 11667 | Lair:1   | Found an iron altar of Okawaru.
 11672 | Lair:1   | 11672 ||| EATING fruit.
 11840 | Lair:1   | 11840 ||| INVOKING Berserk.
 11847 | Lair:1   | 11847 ||| EATING royal jelly.
 11965 | Lair:1   | Noticed Fannar
 12011 | Lair:1   | 12011 ||| INVOKING Berserk.
 12015 | Lair:1   | HP: 15/106 [Fannar/bolt of cold (19)]
 12016 | Lair:1   | Killed Fannar
 12059 | Lair:1   | 12059 ||| EATING 11 meat rations.
 12395 | Lair:1   | Noticed a six-headed hydra
 12399 | Lair:1   | 12399 ||| INVOKING Brothers in Arms.
 12400 | Lair:1   | 12400 ||| INVOKING Brothers in Arms.
 12402 | Lair:1   | 12402 ||| SWAPPING to +2 hand axe of flaming.
 12404 | Lair:1   | 12404 ||| INVOKING Berserk.
 12411 | Lair:1   | Killed a one-headed hydra
 12415 | Lair:1   | 12415 ||| SWAPPING to +0 broad axe.
 12770 | Lair:1   | Noticed an oklob plant
 12770 | Lair:1   | Noticed an oklob plant
 12963 | Lair:1   | 12963 ||| INVOKING Berserk.
 12966 | Lair:1   | Killed an oklob plant
 12966 | Lair:1   | Reached XP level 12. HP: 76/76 MP: 12/12
 13228 | Lair:1   | 13228 ||| UPGRADING to ring of ice.
 13230 | Lair:1   | 13230 ||| REMOVING ring of ice.
 13231 | Lair:1   | 13231 ||| UPGRADING to ring of resist corrosion.
 13232 | Lair:1   | 13232 ||| UPGRADING to ring of protection from magic.
 13234 | Lair:1   | 13234 ||| UPGRADING to ring of see invisible.
 13236 | Lair:1   | 13236 ||| UPGRADING to large copper ring.
 13238 | Lair:1   | 13238 ||| DROPPING ring of protection from magic.
 13239 | Lair:1   | 13239 ||| UPGRADING to ring of see invisible.
 13241 | Lair:1   | 13241 ||| READING scroll labeled RAPISE CIWI.
 13242 | Lair:1   | 13242 ||| DRINKING 2 fuming purple potions.
 13243 | Lair:1   | 13243 ||| READING 5 scrolls of identify.
 13243 | Lair:1   | 13243 ||| IDENTIFYING fuming silvery potion
 13244 | Lair:1   | 13244 ||| READING 4 scrolls of identify.
 13244 | Lair:1   | 13244 ||| IDENTIFYING lumpy grey potion
 13245 | Lair:1   | 13245 ||| DRINKING potion of experience.
 13245 | Lair:1   | Reached XP level 13. HP: 88/88 MP: 13/13
 13246 | Lair:1   | 13246 ||| READING 3 scrolls of identify.
 13246 | Lair:1   | 13246 ||| IDENTIFYING dark potion
 13247 | Lair:1   | 13247 ||| READING 2 scrolls of identify.
 13247 | Lair:1   | 13247 ||| IDENTIFYING lumpy purple potion
 13248 | Lair:1   | 13248 ||| DROPPING potion of berserk rage.
 13249 | Lair:1   | 13249 ||| DROPPING potion of flight.
 13289 | Lair:2   | 13289 ||| STAIRDANCE
 13459 | Lair:2   | 13459 ||| EATING 10 meat rations.
 13974 | Lair:2   | Reached skill level 10 in Shields
 14110 | Lair:2   | Found the +8 whip "Snakebite" {curare, rPois}
 14415 | Lair:3   | Found a staircase to the Swamp.
 14813 | Lair:3   | 14813 ||| INVOKING Berserk.
 15282 | Lair:3   | 15282 ||| READING scroll labeled WAERELU TIEPP.
 15282 | Lair:3   | Identified a scroll of acquirement
 15283 | Lair:3   | Got a pair of dazzling gloves
 15284 | Lair:3   | 15284 ||| UPGRADING to pair of dazzling gloves.
 15289 | Lair:3   | Identified the -1 pair of gloves "Agaattin" {Slay+2 SInv} (You acquired it on level 3 of the Lair of Beasts)
 15289 | Lair:3   | 15289 ||| REMOVING ring of see invisible.
 15290 | Lair:3   | 15290 ||| UPGRADING to ring of resist corrosion.
 15291 | Lair:3   | 15291 ||| UPGRADING to +2 ring of protection.
 15293 | Lair:3   | 15293 ||| DRINKING 2 glowing green potions.
 15294 | Lair:3   | 15294 ||| DROPPING potion of agility.
 15446 | Lair:4   | Noticed Harold
 15460 | Lair:4   | Killed Harold
 15574 | Lair:4   | Found a hole to the Spider Nest.
 15970 | Lair:4   | 15970 ||| INVOKING Burn Spellbooks.
 16693 | Lair:4   | 16693 ||| EATING royal jelly.
 17060 | Lair:4   | 17060 ||| UPGRADING to ring of protection.
 17062 | Lair:4   | 17062 ||| READING 12 scrolls of remove curse.
 17063 | Lair:4   | 17063 ||| REMOVING -3 ring of protection.
 17064 | Lair:4   | 17064 ||| DROPPING -3 ring of protection.
 17068 | Lair:4   | 17068 ||| UPGRADING to ring of resist corrosion.
 17069 | Lair:4   | 17069 ||| UPGRADING to +2 ring of protection.
 17071 | Lair:4   | 17071 ||| READING scroll labeled UTSUOW ERONOYWK.
 17477 | Lair:5   | 17477 ||| INVOKING Brothers in Arms.
 17480 | Lair:5   | 17480 ||| INVOKING Berserk.
 17501 | Lair:5   | 17501 ||| READING scroll of teleportation.
 17501 | Lair:5   | HP: 18/88 [death yak (12)]
 17502 | Lair:5   | 17502 ||| DRINKING 6 potions of heal wounds.
 17704 | Lair:5   | Gained mutation: Your large and strong wings let you fly indefinitely. [Gargoyle growth]
 17704 | Lair:5   | Reached XP level 14. HP: 92/94 MP: 14/14
 17710 | Lair:5   | 17710 ||| INVOKING Fly.
 17710 | Lair:5   | 17710 ||| FLYING.
 17751 | Lair:5   | 17751 ||| INVOKING Brothers in Arms.
 17754 | Lair:5   | 17754 ||| INVOKING Berserk.
 17781 | Lair:5   | 17781 ||| EATING 11 meat rations.
 17897 | Lair:5   | 17897 ||| INVOKING Berserk.
 18340 | Lair:5   | Reached skill level 10 in Armour
 18699 | Lair:5   | 18699 ||| READING 4 scrolls of identify.
 18699 | Lair:5   | 18699 ||| IDENTIFYING silvery potion
 18700 | Lair:5   | 18700 ||| DROPPING potion of brilliance.
 18731 | Lair:6   | Entered Level 6 of the Lair of Beasts
 18766 | Lair:6   | 18766 ||| INVOKING Berserk.
 18771 | Lair:6   | 18771 ||| EATING fruit.
 18957 | Lair:6   | 18957 ||| EATING 10 meat rations.
 18988 | Lair:6   | Found a staircase to the Slime Pits.
 19220 | Lair:6   | 19220 ||| INVOKING Berserk.
 19236 | Lair:6   | 19236 ||| INVOKING Brothers in Arms.
 19237 | Lair:6   | 19237 ||| SWAPPING to +2 hand axe of flaming.
 19240 | Lair:6   | 19240 ||| SWAPPING to +0 broad axe of freezing.
 19473 | Lair:6   | Reached skill level 15 in Axes
 19568 | Lair:6   | 19568 ||| INVOKING Berserk.
 20242 | Lair:6   | 20242 ||| INVOKING Berserk.
 20276 | Lair:6   | 20276 ||| INVOKING Brothers in Arms.
 20279 | Lair:6   | 20279 ||| SWAPPING to +2 hand axe of flaming.
 20280 | Lair:6   | 20280 ||| SWAPPING to +0 broad axe of freezing.
 20282 | Lair:6   | 20282 ||| SWAPPING to +2 hand axe of flaming.
 20285 | Lair:6   | Received a gift from Trog
 20290 | Lair:6   | 20290 ||| SWAPPING to +0 broad axe of freezing.
 20316 | Lair:6   | 20316 ||| INVOKING Brothers in Arms.
 20317 | Lair:6   | 20317 ||| EATING 10 meat rations.
 20493 | Lair:6   | 20493 ||| INVOKING Berserk.
 20620 | Lair:6   | 20620 ||| INVOKING Berserk.
 20737 | Lair:6   | 20737 ||| INVOKING Brothers in Arms.
 20738 | Lair:6   | 20738 ||| SWAPPING to +2 hand axe of flaming.
 20739 | Lair:6   | 20739 ||| INVOKING Berserk.
 20754 | Lair:6   | Reached XP level 15. HP: 98/98 MP: 15/15
 20760 | Lair:6   | 20760 ||| SWAPPING to +0 broad axe of freezing.
 21295 | Lair:6   | 21295 ||| READING scroll of enchant armour.
 21295 | Lair:6   | 21295 ||| ENCHANTING +0 cloak.
 21680 | Lair:6   | 21680 ||| EATING 14 royal jellies.
 21785 | Lair:6   | 21785 ||| UPGRADING to glowing scarf.
 21795 | Lair:6   | 21795 ||| UPGRADING to +1 cloak.
 21805 | Lair:6   | 21805 ||| DROPPING scarf of cloud immunity.
 21807 | Lair:6   | 21807 ||| UPGRADING to dented filigree amulet.
 21808 | Lair:6   | 21808 ||| REMOVING amulet of the gourmand.
 21809 | Lair:6   | 21809 ||| DROPPING amulet of the gourmand.
 21810 | Lair:6   | 21810 ||| UPGRADING to small marble ring.
 21812 | Lair:6   | 21812 ||| REMOVING +4 ring of intelligence.
 21813 | Lair:6   | 21813 ||| DROPPING +4 ring of intelligence.
 21814 | Lair:6   | 21814 ||| UPGRADING to ring of resist corrosion.
 21815 | Lair:6   | 21815 ||| DROPPING ring of intelligence.
 21816 | Lair:6   | 21816 ||| UPGRADING to +2 ring of protection.
 21818 | Lair:6   | 21818 ||| READING scroll labeled QATTIT XATOEF.
 21819 | Lair:6   | 21819 ||| DROPPING tomahawk.
 21991 | D:10     | 21991 ||| STAIRDANCE
 22285 | D:10     | Found a roughly hewn altar of Beogh.
 22635 | D:11     | 22635 ||| READING scroll of enchant weapon.
 22635 | D:11     | 22635 ||| ENCHANTING +0 broad axe of freezing.
 22659 | D:11     | 22659 ||| INVOKING Burn Spellbooks.
 23278 | D:11     | 23278 ||| INVOKING Burn Spellbooks.
 23709 | D:11     | 23709 ||| DRINKING potion of experience.
 23709 | D:11     | Reached XP level 16. HP: 104/104 MP: 16/16
 23720 | D:11     | 23720 ||| READING scroll of enchant weapon.
 23720 | D:11     | 23720 ||| ENCHANTING +1 broad axe of freezing.
 23783 | D:11     | Reached ****** piety under Trog
 23795 | D:11     | 23795 ||| INVOKING Brothers in Arms.
 23796 | D:11     | 23796 ||| SWAPPING to +2 hand axe of flaming.
 23800 | D:11     | 23800 ||| SWAPPING to +2 broad axe of freezing.
 23873 | D:11     | Got a smoking iron ring
 23955 | D:11     | 23955 ||| READING scroll of enchant weapon.
 23955 | D:11     | 23955 ||| ENCHANTING +2 broad axe of freezing.
 23986 | D:11     | 23986 ||| UPGRADING to runed plate armour.
 23996 | D:11     | 23996 ||| DROPPING +0 chain mail of cold resistance.
 23997 | D:11     | 23997 ||| DROPPING +0 shadow dragon scales.
 23998 | D:11     | 23998 ||| UPGRADING to runed zirconium amulet.
 23999 | D:11     | 23999 ||| READING 13 scrolls of remove curse.
 24000 | D:11     | 24000 ||| REMOVING amulet of inaccuracy.
 24001 | D:11     | 24001 ||| DROPPING amulet of inaccuracy.
 24002 | D:11     | 24002 ||| UPGRADING to large brass amulet.
 24003 | D:11     | 24003 ||| UPGRADING to notched jade ring.
 24005 | D:11     | 24005 ||| UPGRADING to smoking iron ring.
 24006 | D:11     | Identified the ring of Anuuw {rC+ Stlth-} (You took it off a centaur warrior on level 11 of the Dungeon)
 24007 | D:11     | 24007 ||| READING scroll labeled TESCHU COUDDIEST.
 24161 | D:12     | 24161 ||| INVOKING Burn Spellbooks.
 24232 | D:12     | 24232 ||| INVOKING Brothers in Arms.
 24235 | D:12     | Received a gift from Trog
 24237 | D:12     | 24237 ||| SWAPPING to +2 hand axe of flaming.
 24240 | D:12     | 24240 ||| SWAPPING to +3 broad axe of freezing.
 24263 | D:12     | Noticed Maurice
 24273 | D:12     | Killed Maurice
 24486 | D:12     | 24486 ||| READING scroll of enchant armour.
 24486 | D:12     | 24486 ||| ENCHANTING +1 cloak.
 24512 | D:12     | 24512 ||| READING scroll of brand weapon.
 24512 | D:12     | 24512 ||| BRANDING +3 broad axe of freezing.
 24864 | D:12     | 24864 ||| UPGRADING to embroidered cloak.
 24874 | D:12     | 24874 ||| DROPPING +2 cloak.
 24895 | D:13     | 24895 ||| STAIRDANCE
 24912 | D:13     | 24912 ||| STAIRDANCE
 24941 | D:13     | 24941 ||| STAIRDANCE
 24995 | D:13     | Received a gift from Trog
 25020 | D:13     | 25020 ||| UPGRADING to runed hand axe {god gift}.
 25021 | D:13     | 25021 ||| Eating in order to wield vampiric weapon.
 25021 | D:13     | 25021 ||| EATING 15 royal jellies.
 25022 | D:13     | 25022 ||| Eating in order to wield vampiric weapon.
 25022 | D:13     | 25022 ||| EATING 14 royal jellies.
 25023 | D:13     | 25023 ||| Eating in order to wield vampiric weapon.
 25023 | D:13     | 25023 ||| EATING 13 royal jellies.
 25024 | D:13     | 25024 ||| UPGRADING to +3 vampiric broad axe.
 25127 | D:13     | 25127 ||| DROPPING +3 antimagic hand axe.
 25128 | D:13     | 25128 ||| UPGRADING to war axe.
 25129 | D:13     | 25129 ||| Eating in order to wield vampiric weapon.
 25129 | D:13     | 25129 ||| EATING 12 royal jellies.
 25130 | D:13     | 25130 ||| Eating in order to wield vampiric weapon.
 25130 | D:13     | 25130 ||| EATING 11 royal jellies.
 25131 | D:13     | 25131 ||| UPGRADING to +3 vampiric broad axe.
 25342 | D:13     | Got a polished plate armour
 25816 | D:13     | Found a gate to the Vaults.
 25836 | D:13     | 25836 ||| INVOKING Burn Spellbooks.
 26397 | D:13     | 26397 ||| UPGRADING to polished plate armour.
 26407 | D:13     | Identified the +1 plate armour of the Hurricane {*Drain rPois rC+ Slay+4} (You found it on level 13 of the Dungeon)
 26407 | D:13     | 26407 ||| UPGRADING to large shield.
 26417 | D:13     | 26417 ||| DROPPING +0 shield.
 26418 | D:13     | 26418 ||| DROPPING +2 plate armour of poison resistance.
 26419 | D:13     | 26419 ||| UPGRADING to +2 ring of protection.
 26421 | D:13     | 26421 ||| UPGRADING to ring of protection from fire.
 26574 | D:14     | Noticed Sonja
 26577 | D:14     | 26577 ||| INVOKING Brothers in Arms.
 26583 | D:14     | Killed Sonja
 26753 | D:14     | Noticed Azrael
 26753 | D:14     | 26753 ||| INVOKING Berserk.
 26758 | D:14     | Killed Azrael
 26763 | D:14     | Reached XP level 17. HP: 94/109 MP: 17/17
 26813 | D:14     | 26813 ||| EATING 10 royal jellies.
 26855 | D:14     | Noticed Frances
 27158 | D:14     | 27158 ||| INVOKING Brothers in Arms.
 27161 | D:14     | 27161 ||| INVOKING Berserk.
 27169 | D:14     | Killed Frances
 27363 | D:14     | Received a gift from Trog
 27463 | D:14     | Found the ring of the Mage {Wiz MR++ Int+3}
 27647 | D:14     | Noticed Nessos
 27652 | D:14     | 27652 ||| INVOKING Brothers in Arms.
 27653 | D:14     | 27653 ||| INVOKING Berserk.
 27662 | D:14     | Killed Nessos
 27663 | D:14     | 27663 ||| EATING 9 royal jellies.
 27815 | D:15     | Entered Level 15 of the Dungeon
 27854 | D:15     | 27854 ||| INVOKING Trog's Hand.
 27874 | D:15     | 27874 ||| STAIRDANCE
 28348 | D:15     | Found an opulent altar of Gozag.
 28654 | D:15     | Received a gift from Trog
 28658 | D:15     | 28658 ||| UPGRADING to runed war axe {god gift}.
 28659 | D:15     | 28659 ||| DROPPING +0 war axe.
 28660 | D:15     | 28660 ||| Eating in order to wield vampiric weapon.
 28660 | D:15     | 28660 ||| EATING 8 royal jellies.
 28661 | D:15     | 28661 ||| Eating in order to wield vampiric weapon.
 28661 | D:15     | 28661 ||| EATING 7 royal jellies.
 28662 | D:15     | 28662 ||| UPGRADING to +3 vampiric broad axe.
 28679 | D:15     | Found a staircase to the Depths.
 29014 | D:15     | 29014 ||| UPGRADING to small emerald ring.
 29016 | D:15     | 29016 ||| REMOVING ring of flight.
 29017 | D:15     | 29017 ||| UPGRADING to ring of the Mage {Wiz MR++ Int+3}.
 29018 | D:15     | 29018 ||| DROPPING ring of flight.
 29159 | Orc:1    | Entered Level 1 of the Orcish Mines
 29160 | Orc:1    | 29160 ||| Entered O.
 29262 | Orc:1    | You are sucked into a shaft!
 29262 | Orc:2    | Entered Level 2 of the Orcish Mines
 29263 | Orc:2    | 29263 ||| Shafted from Orc:1 to Orc:2.
 29296 | Orc:2    | 29296 ||| EATING 7 royal jellies.
 29548 | Orc:1    | 29548 ||| Successfully unshafted to Orc:1.
 29549 | Orc:1    | Found Himoic's Assorted Antiques.
 29567 | Orc:1    | Bought a potion of resistance for 220 gold pieces
 29567 | Orc:1    | Bought a scroll of identify for 44 gold pieces
 29567 | Orc:1    | Bought a ring of resist corrosion for 440 gold pieces
 29749 | Orc:1    | 29749 ||| UPGRADING to ring of resist corrosion.
 29751 | Orc:1    | 29751 ||| UPGRADING to ring of protection from fire.
 29804 | Orc:2    | Found a staircase to the Elven Halls.
 29919 | Orc:2    | Noticed Rupert
 29919 | Orc:2    | 29919 ||| INVOKING Trog's Hand.
 29927 | Orc:2    | 29927 ||| INVOKING Berserk.
 29936 | Orc:2    | Killed Rupert
 29957 | Orc:2    | Received a gift from Trog
 30088 | Orc:2    | 30088 ||| UPGRADING to glowing broad axe {god gift}.
 30089 | Orc:2    | 30089 ||| DROPPING +4 war axe of freezing.
 30090 | Orc:2    | 30090 ||| Eating in order to wield vampiric weapon.
 30090 | Orc:2    | 30090 ||| EATING 6 royal jellies.
 30091 | Orc:2    | 30091 ||| Eating in order to wield vampiric weapon.
 30091 | Orc:2    | 30091 ||| EATING 5 royal jellies.
 30092 | Orc:2    | 30092 ||| UPGRADING to +3 vampiric broad axe.
 30162 | Orc:2    | Found Fangih's Weapon Emporium.
 30162 | Orc:2    | Found Ruhath's General Store.
 30163 | Orc:2    | Found Coynyiko's Book Shoppe.
 30166 | Orc:2    | Found Vuhip's Book Shoppe.
 30170 | Orc:2    | Bought a potion of curing for 45 gold pieces
 30170 | Orc:2    | Bought a scroll of enchant weapon for 112 gold pieces
 30222 | Orc:2    | 30222 ||| READING scroll of enchant weapon.
 30222 | Orc:2    | 30222 ||| ENCHANTING +3 vampiric broad axe.
 30884 | Spider:1 | Entered Level 1 of the Spider Nest
 30885 | Spider:1 | 30885 ||| Entered N.
 30885 | Spider:1 | 30885 ||| INVOKING Brothers in Arms.
 30886 | Spider:1 | 30886 ||| INVOKING Brothers in Arms.
 30890 | Spider:1 | Noticed Asterion
 30900 | Spider:1 | Received a gift from Trog
 30904 | Spider:1 | 30904 ||| READING 3 scrolls of teleportation.
 30912 | Spider:1 | 30912 ||| READING 2 scrolls of teleportation.
 30917 | Spider:1 | Noticed Roxanne
 30920 | Spider:1 | 30920 ||| EATING 4 royal jellies.
 30928 | Spider:1 | 30928 ||| INVOKING Brothers in Arms.
 30930 | Spider:1 | 30930 ||| INVOKING Berserk.
 30945 | Spider:1 | Reached skill level 15 in Fighting
 30954 | Spider:1 | Killed Asterion
 30956 | Spider:1 | 30956 ||| INVOKING Brothers in Arms.
 30957 | Spider:1 | 30957 ||| INVOKING Brothers in Arms.
 30958 | Spider:1 | 30958 ||| EATING 11 meat rations.
 30964 | Spider:1 | Killed Roxanne
 30965 | Spider:1 | Noticed Josephine
 30969 | Spider:1 | Killed Josephine
 30972 | Spider:1 | 30972 ||| INVOKING Burn Spellbooks.
 31054 | Spider:1 | 31054 ||| INVOKING Brothers in Arms.
 31063 | Spider:1 | Reached XP level 18. HP: 119/119 MP: 18/18
 31073 | Spider:1 | Received a gift from Trog
 31081 | Spider:1 | 31081 ||| DROPPING +2 hand axe of flaming.
 31114 | Spider:1 | 31114 ||| INVOKING Berserk.
 31477 | Spider:1 | 31477 ||| UPGRADING to pair of boots.
 31482 | Spider:1 | 31482 ||| READING scroll of enchant armour.
 31482 | Spider:1 | 31482 ||| ENCHANTING +0 pair of boots.
 31483 | Spider:1 | 31483 ||| UPGRADING to tiny lapis lazuli amulet.
 31485 | Spider:1 | 31485 ||| DROPPING +3 amulet of reflection.
 31486 | Spider:1 | 31486 ||| UPGRADING to twisted onyx ring.
 31488 | Spider:1 | 31488 ||| UPGRADING to +2 ring of protection.
 31490 | Spider:1 | 31490 ||| UPGRADING to ring of protection from fire.
 31492 | Spider:1 | 31492 ||| DROPPING +4 ring of dexterity.
 31530 | Spider:2 | Noticed Arachne
 31530 | Spider:2 | 31530 ||| INVOKING Brothers in Arms.
 31538 | Spider:2 | Killed Arachne
 31802 | Spider:2 | Reached skill level 15 in Shields
 32116 | Spider:2 | 32116 ||| DRINKING 10 potions of curing.
 32116 | Spider:2 | 32116 ||| (to cure confusion)
 32209 | Spider:2 | 32209 ||| READING scroll labeled ZOAFUD JYBUEC.
 32286 | Spider:2 | 32286 ||| EATING 3 royal jellies.
 32321 | Spider:3 | 32321 ||| INVOKING Berserk.
 32489 | Spider:3 | 32489 ||| DRINKING 9 potions of curing.
 32489 | Spider:3 | 32489 ||| (to cure confusion)
 32556 | Spider:3 | Noticed Mara
 32557 | Spider:3 | 32557 ||| INVOKING Brothers in Arms.
 32558 | Spider:3 | 32558 ||| INVOKING Berserk.
 32569 | Spider:3 | Noticed zero's illusion
 32575 | Spider:3 | Killed Mara
 32575 | Spider:3 | Reached skill level 5 in Dodging
 32723 | Spider:3 | 32723 ||| INVOKING Brothers in Arms.
 32779 | Spider:3 | 32779 ||| INVOKING Brothers in Arms.
 32902 | Spider:3 | Received a gift from Trog
 33000 | Spider:3 | 33000 ||| READING scroll of enchant armour.
 33000 | Spider:3 | 33000 ||| ENCHANTING +1 pair of boots.
 33046 | Spider:3 | 33046 ||| READING scroll of enchant weapon.
 33046 | Spider:3 | 33046 ||| ENCHANTING +4 vampiric broad axe.
 33113 | Spider:4 | Entered Level 4 of the Spider Nest
 33116 | Spider:4 | 33116 ||| STAIRDANCE
 33129 | Spider:4 | Noticed Agnes
 33130 | Spider:4 | 33130 ||| INVOKING Brothers in Arms.
 33132 | Spider:4 | 33132 ||| INVOKING Berserk.
 33137 | Spider:4 | Killed Agnes
 33144 | Spider:4 | 33144 ||| EATING 2 royal jellies.
 33209 | Spider:4 | 33209 ||| INVOKING Brothers in Arms.
 33291 | Spider:4 | 33291 ||| INVOKING Brothers in Arms.
 33458 | Spider:4 | 33458 ||| INVOKING Brothers in Arms.
 33475 | Spider:4 | Noticed Aizul
 33476 | Spider:4 | 33476 ||| INVOKING Trog's Hand.
 33478 | Spider:4 | 33478 ||| INVOKING Berserk.
 33495 | Spider:4 | Killed Aizul
 33742 | Spider:4 | 33742 ||| EATING royal jelly.
 33796 | Spider:4 | 33796 ||| INVOKING Brothers in Arms.
 33799 | Spider:4 | 33799 ||| INVOKING Berserk.
 33831 | Spider:4 | 33831 ||| INVOKING Brothers in Arms.
 33861 | Spider:4 | 33861 ||| READING scroll of teleportation.
 33864 | Spider:4 | 33864 ||| EATING 42 fruits.
 33915 | Spider:4 | 33915 ||| INVOKING Brothers in Arms.
 33956 | Spider:4 | 33956 ||| INVOKING Berserk.
 33975 | Spider:4 | 33975 ||| INVOKING Brothers in Arms.
 34146 | Spider:4 | 34146 ||| EATING 41 fruits.
 34243 | Spider:4 | 34243 ||| INVOKING Berserk.
 34253 | Spider:4 | Received a gift from Trog
 34261 | Spider:4 | 34261 ||| EATING 40 fruits.
 34385 | Spider:4 | 34385 ||| INVOKING Berserk.
 34401 | Spider:4 | 34401 ||| EATING 39 fruits.
 34449 | Spider:4 | 34449 ||| EATING 38 fruits.
 34457 | Spider:4 | Got a gossamer rune of Zot
 34932 | Vaults:1 | Entered Level 1 of the Vaults
 34933 | Vaults:1 | 34933 ||| Entered V.
 34947 | Vaults:1 | Reached XP level 19. HP: 125/125 MP: 19/19
 34999 | Vaults:1 | Reached skill level 15 in Armour
 35047 | Vaults:1 | 35047 ||| INVOKING Trog's Hand.
 35435 | Vaults:1 | 35435 ||| INVOKING Berserk.
 35590 | Vaults:1 | Received a gift from Trog
 35673 | Vaults:1 | 35673 ||| INVOKING Trog's Hand.
 35729 | Vaults:1 | 35729 ||| INVOKING Brothers in Arms.
 35998 | Vaults:1 | 35998 ||| INVOKING Trog's Hand.
 36719 | Vaults:1 | 36719 ||| EATING 37 fruits.
 36730 | Vaults:1 | 36730 ||| UPGRADING to helmet.
 37203 | Vaults:2 | Cast into level 2 of the Abyss (a wizard)
 37315 | Abyss:2  | 37315 ||| UPGRADING to ring of dexterity.
 37404 | Abyss:2  | Gained mutation: You are partially covered in yellow scales. (AC +2) [a neqoxec]
 37463 | Abyss:2  | Received a gift from Trog
 37480 | Abyss:2  | 37480 ||| INVOKING Trog's Hand.
 37487 | Abyss:2  | 37487 ||| EATING 36 fruits.
 37488 | Abyss:2  | Gained mutation: Your magical capacity is low. (-10% MP) [a neqoxec]
 37523 | Abyss:2  | Found a corrupted altar of Lugonu.
 37553 | Abyss:2  | 37553 ||| READING 2 scrolls of enchant weapon.
 37553 | Abyss:2  | 37553 ||| ENCHANTING +5 vampiric broad axe.
 37554 | Abyss:2  | 37554 ||| READING scroll of enchant weapon.
 37554 | Abyss:2  | 37554 ||| ENCHANTING +6 vampiric broad axe.
 37612 | Abyss:2  | Found a radiant altar of Vehumet.
 37740 | Abyss:2  | 37740 ||| EATING 35 fruits.
 37806 | Vaults:2 | Escaped the Abyss
 37989 | Vaults:2 | 37989 ||| INVOKING Brothers in Arms.
 37990 | Vaults:2 | 37990 ||| INVOKING Berserk.
 38222 | Vaults:2 | 38222 ||| EATING 37 fruits.
 38332 | Vaults:2 | Reached XP level 20. HP: 134/134 MP: 18/18
 38334 | Vaults:2 | 38334 ||| INVOKING Trog's Hand.
 38358 | Vaults:2 | 38358 ||| EATING 36 fruits.
 38754 | Vaults:2 | 38754 ||| UPGRADING to ring of resist corrosion.
 38755 | Vaults:2 | 38755 ||| UPGRADING to ring of Anuuw {rC+ Stlth-}.
 38757 | Vaults:2 | 38757 ||| UPGRADING to ring of protection from fire.
 38759 | Vaults:2 | 38759 ||| UPGRADING to ring of dexterity.
 38761 | Vaults:2 | 38761 ||| READING 15 scrolls of remove curse.
 38762 | Vaults:2 | 38762 ||| REMOVING -2 ring of dexterity.
 38763 | Vaults:2 | 38763 ||| UPGRADING to ring of Anuuw {rC+ Stlth-}.
 38764 | Vaults:2 | 38764 ||| UPGRADING to +2 ring of protection.
 38766 | Vaults:2 | 38766 ||| UPGRADING to ring of protection from fire.
 38768 | Vaults:2 | 38768 ||| DROPPING -2 ring of dexterity.
 38822 | Vaults:3 | 38822 ||| STAIRDANCE
 38828 | Vaults:3 | 38828 ||| STAIRDANCE
 38847 | Vaults:3 | 38847 ||| INVOKING Trog's Hand.
 38947 | Vaults:3 | 38947 ||| INVOKING Trog's Hand.
 38982 | Vaults:3 | 38982 ||| INVOKING Trog's Hand.
 39127 | Vaults:3 | 39127 ||| INVOKING Trog's Hand.
 39136 | Vaults:3 | Received a gift from Trog
 39199 | Vaults:3 | 39199 ||| Stepping randomly (cloudy).
 39203 | Vaults:3 | 39203 ||| Stepping ~*~*~tactically~*~*~ (cloud).
 39311 | Vaults:3 | 39311 ||| INVOKING Brothers in Arms.
 39317 | Vaults:3 | 39317 ||| INVOKING Berserk.
 39505 | Vaults:3 | 39505 ||| READING scroll of enchant weapon.
 39505 | Vaults:3 | 39505 ||| ENCHANTING +7 vampiric broad axe.
 39517 | Vaults:3 | 39517 ||| INVOKING Brothers in Arms.
 39521 | Vaults:3 | Received a gift from Trog
 39705 | Vaults:3 | 39705 ||| INVOKING Burn Spellbooks.
 39710 | Vaults:3 | 39710 ||| READING scroll of enchant weapon.
 39710 | Vaults:3 | 39710 ||| ENCHANTING +8 vampiric broad axe.
 40038 | Vaults:3 | 40038 ||| INVOKING Trog's Hand.
 40074 | Vaults:3 | 40074 ||| INVOKING Trog's Hand.
 40093 | Vaults:3 | 40093 ||| INVOKING Brothers in Arms.
 40094 | Vaults:3 | 40094 ||| INVOKING Berserk.
 40115 | Vaults:3 | 40115 ||| INVOKING Trog's Hand.
 40118 | Vaults:3 | Found a staircase to the Crypt.
 40125 | Vaults:3 | 40125 ||| READING 2 scrolls of teleportation.
 40129 | Vaults:3 | 40129 ||| EATING 35 fruits.
 40206 | Vaults:3 | 40206 ||| EATING 34 fruits.
 40247 | Vaults:3 | 40247 ||| INVOKING Brothers in Arms.
 40248 | Vaults:3 | 40248 ||| INVOKING Berserk.
 40252 | Vaults:3 | 40252 ||| EATING 33 fruits.
 40393 | Vaults:3 | 40393 ||| EATING 32 fruits.
 40402 | Vaults:3 | 40402 ||| INVOKING Trog's Hand.
 40664 | Vaults:3 | 40664 ||| UPGRADING to runed cloak.
 40674 | Vaults:3 | 40674 ||| DROPPING +2 cloak of invisibility.
 40675 | Vaults:3 | 40675 ||| UPGRADING to ring of dexterity.
 40677 | Vaults:3 | 40677 ||| UPGRADING to +2 ring of protection.
 40679 | Vaults:3 | 40679 ||| UPGRADING to ring of the Mage {Wiz MR++ Int+3}.
 40681 | Vaults:3 | 40681 ||| DROPPING +2 ring of dexterity.
 40704 | Vaults:3 | 40704 ||| INVOKING Trog's Hand.
 40780 | Vaults:4 | 40780 ||| EATING 31 fruits.
 41010 | Vaults:4 | Noticed Boris
 41011 | Vaults:4 | 41011 ||| INVOKING Brothers in Arms.
 41014 | Vaults:4 | 41014 ||| INVOKING Berserk.
 41024 | Vaults:4 | Killed Boris
 41036 | Vaults:4 | Reached XP level 21. HP: 142/142 MP: 18/18
 41138 | Vaults:4 | 41138 ||| INVOKING Brothers in Arms.
 41141 | Vaults:4 | 41141 ||| INVOKING Berserk.
 41398 | Vaults:4 | 41398 ||| INVOKING Berserk.
 41525 | Vaults:4 | 41525 ||| INVOKING Trog's Hand.
 41576 | Vaults:4 | 41576 ||| INVOKING Trog's Hand.
 41641 | Vaults:4 | 41641 ||| INVOKING Trog's Hand.
 41675 | Vaults:4 | Received a gift from Trog
 41683 | Vaults:4 | 41683 ||| INVOKING Trog's Hand.
 41708 | Vaults:4 | 41708 ||| INVOKING Trog's Hand.
 42346 | Vaults:4 | 42346 ||| INVOKING Trog's Hand.
 42562 | Vaults:4 | 42562 ||| STAIRDANCE
 43036 | Lair:2   | 43036 ||| EATING 30 fruits.
 43236 | Swamp:1  | Entered Level 1 of the Swamp
 43237 | Swamp:1  | 43237 ||| Entered S.
 43309 | Swamp:1  | Received a gift from Trog
 43323 | Swamp:1  | 43323 ||| UPGRADING to runed war axe {god gift}.
 43324 | Swamp:1  | 43324 ||| SWAPPING to +4 antimagic broad axe.
 43325 | Swamp:1  | 43325 ||| DROPPING +2 antimagic war axe.
 43326 | Swamp:1  | 43326 ||| Eating in order to wield vampiric weapon.
 43326 | Swamp:1  | 43326 ||| EATING 29 fruits.
 43327 | Swamp:1  | 43327 ||| Eating in order to wield vampiric weapon.
 43327 | Swamp:1  | 43327 ||| EATING 28 fruits.
 43328 | Swamp:1  | 43328 ||| Eating in order to wield vampiric weapon.
 43328 | Swamp:1  | 43328 ||| EATING 27 fruits.
 43329 | Swamp:1  | 43329 ||| Eating in order to wield vampiric weapon.
 43329 | Swamp:1  | 43329 ||| EATING 26 fruits.
 43330 | Swamp:1  | 43330 ||| Eating in order to wield vampiric weapon.
 43330 | Swamp:1  | 43330 ||| EATING 25 fruits.
 43331 | Swamp:1  | 43331 ||| UPGRADING to +9 vampiric broad axe.
 43844 | Swamp:1  | 43844 ||| EATING 24 fruits.
 43862 | Swamp:1  | 43862 ||| UPGRADING to runed plate armour.
 43872 | Swamp:1  | 43872 ||| READING 17 scrolls of remove curse.
 43873 | Swamp:1  | 43873 ||| UPGRADING to +1 plate armour of the Hurricane {*Drain rPois rC+ Slay+4}.
 43883 | Swamp:1  | 43883 ||| DROPPING +0 plate armour.
 43884 | Swamp:1  | 43884 ||| UPGRADING to ring of dexterity.
 43886 | Swamp:1  | 43886 ||| DROPPING +2 ring of protection.
 43887 | Swamp:1  | 43887 ||| UPGRADING to ring of protection from fire.
 43915 | Swamp:2  | Noticed Louise
 43915 | Swamp:2  | 43915 ||| INVOKING Trog's Hand.
 43916 | Swamp:2  | 43916 ||| INVOKING Brothers in Arms.
 43927 | Swamp:2  | 43927 ||| INVOKING Brothers in Arms.
 43936 | Swamp:2  | Killed Louise
 43943 | Swamp:2  | 43943 ||| EATING 23 fruits.
 44699 | Swamp:2  | 44699 ||| UPGRADING to ring of see invisible.
 44701 | Swamp:2  | 44701 ||| REMOVING ring of see invisible.
 44702 | Swamp:2  | 44702 ||| UPGRADING to ring of resist corrosion.
 44703 | Swamp:2  | 44703 ||| UPGRADING to ring of Anuuw {rC+ Stlth-}.
 44705 | Swamp:2  | 44705 ||| UPGRADING to ring of protection from fire.
 44731 | Swamp:3  | 44731 ||| STAIRDANCE
 44949 | Swamp:3  | 44949 ||| EATING 22 fruits.
 45158 | Swamp:3  | Received a gift from Trog
 45173 | Swamp:3  | 45173 ||| UPGRADING to glowing broad axe {god gift}.
 45173 | Swamp:3  | 45173 ||| DROPPING vampiric broad axe {god gift}.
 45240 | Swamp:3  | 45240 ||| READING scroll of enchant armour.
 45240 | Swamp:3  | 45240 ||| ENCHANTING +0 helmet.
 45418 | Swamp:4  | Entered Level 4 of the Swamp
 45419 | Swamp:4  | 45419 ||| STAIRDANCE
 45428 | Swamp:4  | 45428 ||| STAIRDANCE
 45442 | Swamp:4  | 45442 ||| STAIRDANCE
 45744 | Swamp:4  | Received a gift from Trog
 45937 | Swamp:4  | Got a decaying rune of Zot
 46551 | Swamp:4  | 46551 ||| UPGRADING to knobbly pearl ring.
 46553 | Swamp:4  | 46553 ||| REMOVING ring of poison resistance.
 46554 | Swamp:4  | 46554 ||| UPGRADING to ring of Anuuw {rC+ Stlth-}.
 46555 | Swamp:4  | 46555 ||| DROPPING ring of poison resistance.
 46556 | Swamp:4  | 46556 ||| UPGRADING to ring of the Mage {Wiz MR++ Int+3}.
 46558 | Swamp:4  | 46558 ||| UPGRADING to granite ring.
 46560 | Swamp:4  | 46560 ||| READING 19 scrolls of remove curse.
 46561 | Swamp:4  | 46561 ||| REMOVING -3 ring of evasion.
 46562 | Swamp:4  | 46562 ||| UPGRADING to ring of protection from fire.
 46563 | Swamp:4  | 46563 ||| DROPPING -3 ring of evasion.
 46703 | D:12     | 46703 ||| EATING 23 fruits.
 46905 | Depths:1 | Entered Level 1 of the Depths
 46906 | Depths:1 | 46906 ||| Entered U.
 46906 | Depths:1 | 46906 ||| INVOKING Trog's Hand.
 46907 | Depths:1 | 46907 ||| READING scroll of teleportation.
 46912 | Depths:1 | Reached XP level 22. HP: 151/151 MP: 19/19
 46913 | Depths:1 | 46913 ||| EATING 22 fruits.
 46949 | Depths:1 | 46949 ||| INVOKING Trog's Hand.
 46977 | Depths:1 | 46977 ||| INVOKING Trog's Hand.
 47030 | Depths:1 | 47030 ||| INVOKING Burn Spellbooks.
 47038 | Depths:1 | 47038 ||| INVOKING Berserk.
 47040 | Depths:1 | Received a gift from Trog
 47373 | Depths:1 | 47373 ||| INVOKING Burn Spellbooks.
 47522 | Depths:1 | 47522 ||| INVOKING Brothers in Arms.
 47523 | Depths:1 | 47523 ||| INVOKING Brothers in Arms.
 47534 | Depths:1 | 47534 ||| INVOKING Trog's Hand.
 47539 | Depths:1 | 47539 ||| INVOKING Brothers in Arms.
 47568 | Depths:1 | 47568 ||| INVOKING Trog's Hand.
 47813 | Depths:1 | Found a gateway to Hell.
 47968 | Depths:1 | Received a gift from Trog
 47976 | Depths:1 | 47976 ||| UPGRADING to glowing war axe {god gift}.
 47977 | Depths:1 | 47977 ||| SWAPPING to +4 antimagic broad axe.
 47978 | Depths:1 | 47978 ||| Eating in order to wield vampiric weapon.
 47978 | Depths:1 | 47978 ||| EATING 23 fruits.
 47979 | Depths:1 | 47979 ||| Eating in order to wield vampiric weapon.
 47979 | Depths:1 | 47979 ||| EATING 22 fruits.
 47980 | Depths:1 | 47980 ||| Eating in order to wield vampiric weapon.
 47980 | Depths:1 | 47980 ||| EATING 21 fruits.
 47981 | Depths:1 | 47981 ||| Eating in order to wield vampiric weapon.
 47981 | Depths:1 | 47981 ||| EATING 20 fruits.
 47982 | Depths:1 | 47982 ||| Eating in order to wield vampiric weapon.
 47982 | Depths:1 | 47982 ||| EATING 19 fruits.
 47983 | Depths:1 | 47983 ||| UPGRADING to +9 vampiric broad axe.
 47984 | Depths:1 | 47984 ||| DROPPING +2 war axe of electrocution.
 47995 | Depths:1 | Got a scintillating bronze ring
 48049 | Depths:1 | 48049 ||| INVOKING Trog's Hand.
 48068 | Depths:1 | 48068 ||| INVOKING Trog's Hand.
 48070 | Depths:1 | 48070 ||| EATING 18 fruits.
 48226 | Depths:1 | 48226 ||| INVOKING Burn Spellbooks.
 48539 | Depths:1 | 48539 ||| UPGRADING to runed plate armour.
 48549 | Depths:1 | 48549 ||| UPGRADING to +1 plate armour of the Hurricane {*Drain rPois rC+ Slay+4}.
 48559 | Depths:1 | 48559 ||| DROPPING +1 plate armour of poison resistance.
 48560 | Depths:1 | 48560 ||| UPGRADING to scintillating bronze ring.
 48561 | Depths:1 | Identified the ring of Creativity {rC- rN+ Str+7 Dex+7} (You found it on level 1 of the Depths)
 48562 | Depths:1 | 48562 ||| DROPPING +5 ring of dexterity.
 48606 | Depths:2 | 48606 ||| INVOKING Trog's Hand.
 48607 | Depths:2 | 48607 ||| INVOKING Brothers in Arms.
 48608 | Depths:2 | 48608 ||| INVOKING Berserk.
 48611 | Depths:2 | 48611 ||| EATING 17 fruits.
 48612 | Depths:2 | 48612 ||| EATING 16 fruits.
 48847 | Depths:2 | Noticed a golden dragon
 48857 | Depths:2 | Killed a golden dragon
 48863 | Depths:2 | 48863 ||| INVOKING Brothers in Arms.
 48869 | Depths:2 | 48869 ||| INVOKING Berserk.
 48877 | Depths:2 | Received a gift from Trog
 48900 | Depths:2 | 48900 ||| READING scroll of teleportation.
 48920 | Depths:2 | 48920 ||| INVOKING Trog's Hand.
 48921 | Depths:2 | 48921 ||| INVOKING Brothers in Arms.
 49085 | Depths:2 | 49085 ||| INVOKING Trog's Hand.
 49147 | Depths:2 | 49147 ||| INVOKING Berserk.
 49155 | Depths:2 | 49155 ||| EATING 15 fruits.
 49263 | Depths:2 | Found Fuzygof's General Store.
 49281 | Depths:2 | Reached XP level 23. HP: 156/156 MP: 20/20
 49394 | Depths:2 | 49394 ||| INVOKING Trog's Hand.
 49410 | Depths:2 | Reached skill level 10 in Dodging
 49445 | Depths:2 | 49445 ||| INVOKING Berserk.
 49818 | Depths:2 | Found a one-way gate leading to the halls of Pandemonium.
 49821 | Depths:2 | 49821 ||| INVOKING Trog's Hand.
 49868 | Depths:2 | 49868 ||| EATING 18 fruits.
 49930 | Depths:2 | 49930 ||| INVOKING Trog's Hand.
 49934 | Depths:2 | 49934 ||| INVOKING Brothers in Arms.
 49936 | Depths:2 | 49936 ||| EATING 17 fruits.
 50022 | Depths:3 | 50022 ||| Stepping ~*~*~tactically~*~*~ (cloud).
 50087 | Depths:3 | 50087 ||| Stepping ~*~*~tactically~*~*~ (cloud).
 50293 | Depths:3 | 50293 ||| INVOKING Berserk.
 50336 | Depths:3 | 50336 ||| EATING 16 fruits.
 50375 | Depths:3 | 50375 ||| EATING 15 fruits.
 50407 | Depths:3 | 50407 ||| INVOKING Berserk.
 50422 | Depths:3 | 50422 ||| EATING 14 fruits.
 50567 | Depths:3 | Received a gift from Trog
 50664 | Depths:3 | 50664 ||| INVOKING Brothers in Arms.
 50704 | Depths:3 | 50704 ||| INVOKING Brothers in Arms.
 50748 | Depths:3 | 50748 ||| READING scroll of teleportation.
 50748 | Depths:3 | HP: 18/158 [crystal guardian/crystal bolt (30)]
 50749 | Depths:3 | 50749 ||| DRINKING 11 potions of heal wounds.
 50750 | Depths:3 | 50750 ||| DRINKING 10 potions of heal wounds.
 50752 | Depths:3 | 50752 ||| INVOKING Brothers in Arms.
 50756 | Depths:3 | 50756 ||| EATING 13 fruits.
 50760 | Depths:3 | 50760 ||| INVOKING Berserk.
 50784 | Depths:3 | 50784 ||| EATING 12 fruits.
 50802 | Depths:3 | 50802 ||| EATING 11 fruits.
 50923 | Depths:3 | 50923 ||| INVOKING Brothers in Arms.
 50937 | Depths:3 | 50937 ||| INVOKING Brothers in Arms.
 50945 | Depths:3 | 50945 ||| EATING 10 fruits.
 51080 | Depths:3 | 51080 ||| EATING 9 fruits.
 51087 | Depths:3 | 51087 ||| INVOKING Brothers in Arms.
 51088 | Depths:3 | 51088 ||| INVOKING Brothers in Arms.
 51089 | Depths:3 | 51089 ||| INVOKING Brothers in Arms.
 51090 | Depths:3 | 51090 ||| INVOKING Brothers in Arms.
 51091 | Depths:3 | 51091 ||| INVOKING Brothers in Arms.
 51092 | Depths:3 | 51092 ||| INVOKING Brothers in Arms.
 51118 | Depths:3 | 51118 ||| EATING 8 fruits.
 51229 | Depths:3 | 51229 ||| EATING 7 fruits.
 51287 | Depths:3 | 51287 ||| INVOKING Burn Spellbooks.
 51333 | Depths:3 | 51333 ||| INVOKING Brothers in Arms.
 51335 | Depths:3 | 51335 ||| INVOKING Berserk.
 51345 | Depths:3 | 51345 ||| EATING 6 fruits.
 51383 | Depths:3 | 51383 ||| EATING 5 fruits.
 51402 | Depths:3 | Found a one-way gate to the infinite horrors of the Abyss.
 51542 | Depths:3 | 51542 ||| UPGRADING to encrusted gilded ring.
 51544 | Depths:3 | 51544 ||| UPGRADING to ring of the Mage {Wiz MR++ Int+3}.
 51546 | Depths:3 | 51546 ||| UPGRADING to ring of Creativity {rC- rN+ Str+7 Dex+7}.
 51548 | Depths:3 | 51548 ||| DROPPING +1 ring of slaying {mikee}.
 51575 | Depths:4 | 51575 ||| INVOKING Berserk.
 51599 | Depths:4 | 51599 ||| INVOKING Trog's Hand.
 51600 | Depths:4 | 51600 ||| EATING 17 meat rations.
 51684 | Depths:4 | 51684 ||| INVOKING Berserk.
 51723 | Depths:4 | 51723 ||| INVOKING Trog's Hand.
 51889 | Depths:4 | 51889 ||| STAIRDANCE
 51999 | Depths:4 | Noticed a golden dragon
 51999 | Depths:4 | Noticed a golden dragon
 52005 | Depths:4 | Killed a golden dragon
 52006 | Depths:4 | 52006 ||| INVOKING Berserk.
 52011 | Depths:4 | Killed a golden dragon
 52024 | Depths:4 | Reached XP level 24. HP: 166/166 MP: 20/20
 52029 | Depths:4 | 52029 ||| INVOKING Trog's Hand.
 52048 | Depths:4 | 52048 ||| INVOKING Brothers in Arms.
 52049 | Depths:4 | 52049 ||| INVOKING Brothers in Arms.
 52050 | Depths:4 | 52050 ||| INVOKING Brothers in Arms.
 52051 | Depths:4 | 52051 ||| INVOKING Brothers in Arms.
 52077 | Depths:4 | Received a gift from Trog
 52305 | Depths:4 | 52305 ||| INVOKING Berserk.
 52620 | Depths:4 | 52620 ||| INVOKING Trog's Hand.
 52655 | Depths:4 | 52655 ||| INVOKING Trog's Hand.
 52745 | Depths:4 | Noticed a juggernaut
 52746 | Depths:4 | Found the +3 giant club "Skullcrusher" {speed, Str+7}
 52746 | Depths:4 | 52746 ||| INVOKING Berserk.
 52754 | Depths:4 | Killed a juggernaut
 52942 | Depths:4 | 52942 ||| INVOKING Burn Spellbooks.
 53135 | Depths:4 | Received a gift from Trog
 53388 | Depths:4 | 53388 ||| INVOKING Trog's Hand.
 53524 | Depths:4 | 53524 ||| INVOKING Trog's Hand.
 53719 | Depths:4 | 53719 ||| UPGRADING to embroidered cloak.
 53729 | Depths:4 | 53729 ||| UPGRADING to +2 cloak.
 53739 | Depths:4 | 53739 ||| DROPPING +0 cloak of magic resistance.
 53785 | Depths:5 | Entered Level 5 of the Depths
 53865 | Depths:5 | Noticed Frederick
 53865 | Depths:5 | 53865 ||| INVOKING Brothers in Arms.
 53868 | Depths:5 | 53868 ||| INVOKING Berserk.
 53873 | Depths:5 | Killed Frederick
 54038 | Depths:5 | 54038 ||| INVOKING Brothers in Arms.
 54049 | Depths:5 | Received a gift from Trog
 54176 | Depths:5 | Found a gate to the Realm of Zot.
 54241 | Depths:5 | 54241 ||| INVOKING Trog's Hand.
 54244 | Depths:5 | 54244 ||| INVOKING Brothers in Arms.
 54245 | Depths:5 | 54245 ||| INVOKING Berserk.
 54275 | Depths:5 | 54275 ||| INVOKING Brothers in Arms.
 54412 | Depths:5 | 54412 ||| INVOKING Burn Spellbooks.
 54559 | Depths:5 | Found a gateway to a ziggurat.
 54592 | Depths:5 | 54592 ||| INVOKING Trog's Hand.
 54708 | Depths:5 | Reached XP level 25. HP: 173/173 MP: 20/20
 54978 | Depths:5 | 54978 ||| INVOKING Berserk.
 55399 | Depths:5 | 55399 ||| EATING 13 fruits.
 55866 | Vaults:5 | Entered Level 5 of the Vaults
 55868 | Vaults:5 | 55868 ||| STAIRDANCE
 55893 | Vaults:5 | 55893 ||| STAIRDANCE
 55926 | Vaults:5 | 55926 ||| STAIRDANCE
 55950 | Vaults:5 | 55950 ||| STAIRDANCE
 55977 | Vaults:4 | 55977 ||| UPGRADING to shiny plate armour.
 55987 | Vaults:4 | 55987 ||| UPGRADING to +1 plate armour of the Hurricane {*Drain rPois rC+ Slay+4}.
 55997 | Vaults:4 | 55997 ||| DROPPING +2 plate armour of fire resistance.
 56006 | Vaults:5 | Received a gift from Trog
 56007 | Vaults:5 | 56007 ||| STAIRDANCE
 56046 | Vaults:5 | 56046 ||| INVOKING Berserk.
 56064 | Vaults:5 | 56064 ||| INVOKING Trog's Hand.
 56066 | Vaults:5 | 56066 ||| INVOKING Brothers in Arms.
 56067 | Vaults:5 | 56067 ||| EATING 17 meat rations.
 56096 | Vaults:5 | Noticed an ancient lich
 56097 | Vaults:5 | 56097 ||| INVOKING Trog's Hand.
 56098 | Vaults:5 | 56098 ||| INVOKING Brothers in Arms.
 56099 | Vaults:5 | 56099 ||| INVOKING Brothers in Arms.
 56105 | Vaults:5 | Noticed an ancient lich
 56108 | Vaults:5 | Killed an ancient lich
 56111 | Vaults:5 | 56111 ||| STAIRDANCE
 56118 | Vaults:5 | 56118 ||| STAIRDANCE
 56219 | Vaults:5 | 56219 ||| INVOKING Trog's Hand.
 56220 | Vaults:5 | 56220 ||| STAIRDANCE
 56222 | Vaults:4 | 56222 ||| INVOKING Brothers in Arms.
 56223 | Vaults:4 | 56223 ||| INVOKING Brothers in Arms.
 56230 | Vaults:4 | Killed an ancient lich
 56231 | Vaults:4 | 56231 ||| EATING 12 fruits.
 56366 | Vaults:5 | 56366 ||| STAIRDANCE
 56368 | Vaults:4 | 56368 ||| INVOKING Trog's Hand.
 56378 | Vaults:4 | 56378 ||| EATING 11 fruits.
 56416 | Vaults:5 | 56416 ||| UPGRADING to glowing broad axe {god gift}.
 56417 | Vaults:5 | 56417 ||| SWAPPING to +4 antimagic broad axe.
 56418 | Vaults:5 | 56418 ||| Eating in order to wield vampiric weapon.
 56418 | Vaults:5 | 56418 ||| EATING 10 fruits.
 56419 | Vaults:5 | 56419 ||| Eating in order to wield vampiric weapon.
 56419 | Vaults:5 | 56419 ||| EATING 9 fruits.
 56420 | Vaults:5 | 56420 ||| Eating in order to wield vampiric weapon.
 56420 | Vaults:5 | 56420 ||| EATING 8 fruits.
 56421 | Vaults:5 | 56421 ||| Eating in order to wield vampiric weapon.
 56421 | Vaults:5 | 56421 ||| EATING 7 fruits.
 56422 | Vaults:5 | 56422 ||| Eating in order to wield vampiric weapon.
 56422 | Vaults:5 | 56422 ||| EATING 6 fruits.
 56423 | Vaults:5 | 56423 ||| UPGRADING to +9 vampiric broad axe.
 56424 | Vaults:5 | 56424 ||| DROPPING +1 antimagic broad axe.
 56436 | Vaults:5 | 56436 ||| INVOKING Burn Spellbooks.
 56438 | Vaults:5 | 56438 ||| INVOKING Burn Spellbooks.
 56483 | Vaults:5 | Found the amulet of the Air {Inacc +Fly rElec EV+5 RMsl}
 56490 | Vaults:5 | 56490 ||| INVOKING Berserk.
 56540 | Vaults:5 | Received a gift from Trog
 56674 | Vaults:5 | 56674 ||| INVOKING Burn Spellbooks.
 56705 | Vaults:5 | 56705 ||| INVOKING Trog's Hand.
 56708 | Vaults:5 | Received a gift from Trog
 56849 | Vaults:5 | 56849 ||| INVOKING Berserk.
 56956 | Vaults:5 | 56956 ||| INVOKING Trog's Hand.
 57017 | Vaults:5 | 57017 ||| INVOKING Trog's Hand.
 57105 | Vaults:5 | 57105 ||| UPGRADING to steel ring.
 57107 | Vaults:5 | 57107 ||| Stepping ~*~*~tactically~*~*~ (cloud).
 57158 | Vaults:5 | 57158 ||| READING 27 scrolls of remove curse.
 57159 | Vaults:5 | 57159 ||| REMOVING ring of loudness.
 57383 | Vaults:5 | Reached XP level 26. HP: 182/182 MP: 20/20
 57389 | Vaults:5 | 57389 ||| INVOKING Berserk.
 57623 | Vaults:5 | 57623 ||| INVOKING Burn Spellbooks.
 57626 | Vaults:5 | Got a twisted plate armour
 57679 | Vaults:5 | 57679 ||| INVOKING Trog's Hand.
 57949 | Vaults:5 | 57949 ||| INVOKING Berserk.
 58107 | Vaults:5 | 58107 ||| INVOKING Burn Spellbooks.
 58111 | Vaults:5 | Got a silver rune of Zot
 58327 | Vaults:5 | 58327 ||| INVOKING Burn Spellbooks.
 58378 | Vaults:5 | 58378 ||| EATING 6 fruits.
 58426 | Vaults:5 | 58426 ||| INVOKING Trog's Hand.
 58459 | Vaults:5 | Got a smoking amber ring
 58476 | Vaults:5 | 58476 ||| UPGRADING to embroidered cloak.
 58486 | Vaults:5 | 58486 ||| DROPPING +2 cloak.
 58487 | Vaults:5 | 58487 ||| UPGRADING to twisted plate armour.
 58497 | Vaults:5 | Identified the cursed +1 plate armour of the Voivode {rElec MP+9 Int+6 Stlth-} (You found it on level 5 of the Vaults)
 58497 | Vaults:5 | 58497 ||| READING 26 scrolls of remove curse.
 58498 | Vaults:5 | 58498 ||| UPGRADING to +1 plate armour of the Hurricane {*Drain rPois rC+ Slay+4}.
 58508 | Vaults:5 | 58508 ||| DROPPING +1 plate armour of the Voivode {rElec MP+9 Int+6 Stlth-}.
 58509 | Vaults:5 | 58509 ||| UPGRADING to ring of the Mage {Wiz MR++ Int+3}.
 58510 | Vaults:5 | 58510 ||| DROPPING ring of loudness.
 58511 | Vaults:5 | 58511 ||| UPGRADING to garnet ring.
 58513 | Vaults:5 | 58513 ||| REMOVING ring of fire.
 58514 | Vaults:5 | 58514 ||| UPGRADING to ring of Creativity {rC- rN+ Str+7 Dex+7}.
 58515 | Vaults:5 | 58515 ||| UPGRADING to blackened agate ring.
 58517 | Vaults:5 | 58517 ||| DROPPING ring of ice.
 58518 | Vaults:5 | 58518 ||| UPGRADING to ring of the Mage {Wiz MR++ Int+3}.
 58520 | Vaults:5 | 58520 ||| UPGRADING to ring of Creativity {rC- rN+ Str+7 Dex+7}.
 58522 | Vaults:5 | 58522 ||| UPGRADING to smoking amber ring.
 58523 | Vaults:5 | Identified the ring of Plog {rPois MR- Int+3 Dex+2 Slay+2} (You took it off an ogre mage on level 5 of the Vaults)
 58524 | Vaults:5 | 58524 ||| UPGRADING to ring of protection from cold.
 58526 | Vaults:5 | 58526 ||| UPGRADING to ring of protection from fire.
 58528 | Vaults:5 | 58528 ||| UPGRADING to ring of Creativity {rC- rN+ Str+7 Dex+7}.
 58705 | D:14     | 58705 ||| UPGRADING to ring of resist corrosion.
 58707 | D:14     | 58707 ||| UPGRADING to ring of Creativity {rC- rN+ Str+7 Dex+7}.
 58868 | Lair:2   | 58868 ||| EATING 5 fruits.
 59009 | Slime:1  | Entered Level 1 of the Pits of Slime
 59010 | Slime:1  | 59010 ||| Entered M.
 59010 | Slime:1  | 59010 ||| INVOKING Trog's Hand.
 59042 | Slime:2  | Received a gift from Trog
 59048 | Slime:2  | 59048 ||| EATING 4 fruits.
 59049 | Slime:2  | 59049 ||| READING 4 scrolls of teleportation.
 59050 | Slime:2  | 59050 ||| Stepping randomly (stuck).
 59051 | Slime:2  | 59051 ||| Stepping randomly (stuck).
 59052 | Slime:2  | 59052 ||| Stepping randomly (stuck).
 59053 | Slime:2  | 59053 ||| READING 3 scrolls of teleportation.
 59054 | Slime:2  | 59054 ||| Stepping randomly (stuck).
 59055 | Slime:2  | 59055 ||| Stepping randomly (stuck).
 59056 | Slime:2  | 59056 ||| Stepping randomly (stuck).
 59057 | Slime:2  | 59057 ||| Stepping randomly (stuck).
 59070 | Slime:2  | 59070 ||| READING 2 scrolls of teleportation.
 59071 | Slime:2  | 59071 ||| Stepping randomly (stuck).
 59072 | Slime:2  | 59072 ||| Stepping randomly (stuck).
 59162 | Slime:3  | 59162 ||| STAIRDANCE
 59170 | Slime:3  | 59170 ||| STAIRDANCE
 59181 | Slime:3  | 59181 ||| STAIRDANCE
 59187 | Slime:3  | Gained mutation: Scrolls take you a little longer to read. [a shining eye]
 59188 | Slime:3  | Gained mutation: You are frail. (-10% HP) [a shining eye]
 59192 | Slime:3  | 59192 ||| INVOKING Trog's Hand.
 59197 | Slime:3  | Gained mutation: You do not regenerate when monsters are visible. [a shining eye]
 59208 | Slime:3  | Gained mutation: Potions are less effective at restoring your health. [a shining eye]
 59211 | Slime:3  | 59211 ||| INVOKING Trog's Hand.
 59219 | Slime:3  | 59219 ||| EATING 3 fruits.
 59220 | Slime:3  | 59220 ||| DRINKING 10 potions of mutation.
 59220 | Slime:3  | Lost mutation: Scrolls take you a little longer to read. [potion of mutation]
 59220 | Slime:3  | Lost mutation: You are frail. (-10% HP) [potion of mutation]
 59220 | Slime:3  | Gained mutation: Your muscles are strong. (Str +2) [potion of mutation]
 59220 | Slime:3  | Lost mutation: Potions are less effective at restoring your health. [potion of mutation]
 59220 | Slime:3  | Gained mutation: You are mostly covered in yellow scales. (AC +3) [potion of mutation]
 59234 | Slime:3  | 59234 ||| DRINKING 9 potions of mutation.
 59234 | Slime:3  | Lost mutation: Your magical capacity is low. (-10% MP) [potion of mutation]
 59234 | Slime:3  | Lost mutation: Your muscles are strong. (Str +2) [potion of mutation]
 59234 | Slime:3  | Lost mutation: You do not regenerate when monsters are visible. [potion of mutation]
 59234 | Slime:3  | Lost mutation: You are mostly covered in yellow scales. (AC +3) [potion of mutation]
 59234 | Slime:3  | Gained mutation: You are clumsy. (Dex -2) [potion of mutation]
 59234 | Slime:3  | Gained mutation: You have a pair of small horns on your head. [potion of mutation]
 59234 | Slime:3  | Gained mutation: Scrolls take you a little longer to read. [potion of mutation]
 59234 | Slime:3  | Gained mutation: Your spells are a little harder to cast, but a little more powerful. [potion of mutation]
 59235 | Slime:3  | 59235 ||| DRINKING 8 potions of mutation.
 59235 | Slime:3  | Lost mutation: You have a pair of small horns on your head. [potion of mutation]
 59235 | Slime:3  | Lost mutation: You are clumsy. (Dex -2) [potion of mutation]
 59235 | Slime:3  | Gained mutation: You can translocate small distances at will. [potion of mutation]
 59236 | Slime:3  | 59236 ||| DRINKING 7 potions of mutation.
 59236 | Slime:3  | Lost mutation: Your spells are a little harder to cast, but a little more powerful. [potion of mutation]
 59236 | Slime:3  | Lost mutation: Scrolls take you a little longer to read. [potion of mutation]
 59236 | Slime:3  | Gained mutation: Your flesh is cold resistant. (rC+) [potion of mutation]
 59236 | Slime:3  | Gained mutation: Your spells are a little harder to cast, but a little more powerful. [potion of mutation]
 59236 | Slime:3  | Gained mutation: You evolve. [potion of mutation]
 59256 | Slime:4  | 59256 ||| INVOKING Berserk.
 59284 | Slime:4  | 59284 ||| EATING 2 fruits.
 59285 | Slime:4  | 59285 ||| UPGRADING to +1 helmet.
 59287 | Slime:4  | 59287 ||| DRINKING 4 potions of cancellation.
 59288 | Slime:4  | 59288 ||| INVOKING Trog's Hand.
 59308 | Slime:4  | Gained mutation: Your body sometimes deteriorates upon taking damage. [a shining eye]
 59310 | Slime:4  | Gained mutation: You expend magic power (3 MP) to strengthen your wands. [a shining eye]
 59313 | Slime:4  | 59313 ||| INVOKING Trog's Hand.
 59316 | Slime:4  | Gained mutation: You are weak. (Str -2) [a shining eye]
 59318 | Slime:4  | 59318 ||| EATING fruit.
 59329 | Slime:4  | 59329 ||| INVOKING Brothers in Arms.
 59342 | Slime:4  | 59342 ||| EATING 12 royal jellies.
 59343 | Slime:4  | 59343 ||| UPGRADING to +1 helmet.
 59348 | Slime:4  | 59348 ||| READING scroll of teleportation.
 59349 | Slime:4  | 59349 ||| Stepping randomly (stuck).
 59663 | Slime:5  | Entered Level 5 of the Pits of Slime
 59849 | Slime:5  | 59849 ||| INVOKING Trog's Hand.
 59863 | Slime:5  | 59863 ||| EATING 11 royal jellies.
 59894 | Slime:5  | Noticed the Royal Jelly
 59895 | Slime:5  | 59895 ||| INVOKING Burn Spellbooks.
 59896 | Slime:5  | 59896 ||| INVOKING Brothers in Arms.
 59897 | Slime:5  | 59897 ||| INVOKING Berserk.
 59906 | Slime:5  | Killed the Royal Jelly
 59928 | Slime:5  | 59928 ||| INVOKING Trog's Hand.
 59945 | Slime:5  | 59945 ||| DRINKING 3 potions of cancellation.
 59946 | Slime:5  | 59946 ||| INVOKING Trog's Hand.
 59970 | Slime:5  | 59970 ||| INVOKING Burn Spellbooks.
 59971 | Slime:5  | 59971 ||| EATING 10 royal jellies.
 60077 | Slime:5  | Found the +5 pair of quick blades "Gyre" and "Gimble" {pierce, Dex-3}
 60077 | Slime:5  | 60077 ||| INVOKING Burn Spellbooks.
 60079 | Slime:5  | Found the ring of Phasing {EV+8}
 60105 | Slime:5  | 60105 ||| INVOKING Burn Spellbooks.
 60121 | Slime:5  | 60121 ||| INVOKING Burn Spellbooks.
 60121 | Slime:5  | Received a gift from Trog
 60123 | Slime:5  | 60123 ||| UPGRADING to glowing broad axe {god gift}.
 60124 | Slime:5  | 60124 ||| SWAPPING to +4 antimagic broad axe.
 60125 | Slime:5  | 60125 ||| DROPPING +1 broad axe of chopping.
 60126 | Slime:5  | 60126 ||| Eating in order to wield vampiric weapon.
 60126 | Slime:5  | 60126 ||| EATING 10 royal jellies.
 60127 | Slime:5  | 60127 ||| Eating in order to wield vampiric weapon.
 60127 | Slime:5  | 60127 ||| EATING 9 royal jellies.
 60128 | Slime:5  | 60128 ||| Eating in order to wield vampiric weapon.
 60128 | Slime:5  | 60128 ||| EATING 8 royal jellies.
 60129 | Slime:5  | 60129 ||| UPGRADING to +9 vampiric broad axe.
 60135 | Slime:5  | Got a slimy rune of Zot
 60137 | Slime:5  | Got a bound marble ring
 60492 | Slime:5  | 60492 ||| UPGRADING to ring of Phasing {EV+8}.
 60494 | Slime:5  | 60494 ||| DROPPING ring of see invisible.
 60495 | Slime:5  | 60495 ||| UPGRADING to bound marble ring.
 60496 | Slime:5  | Identified the ring "Josy" {*Tele Dex+5 SInv} (You found it on level 5 of the Pits of Slime)
 60497 | Slime:5  | 60497 ||| REMOVING ring "Josy" {*Tele Dex+5 SInv}.
 60498 | Slime:5  | 60498 ||| DROPPING ring "Josy" {*Tele Dex+5 SInv}.
 60499 | Slime:5  | 60499 ||| UPGRADING to +5 ring of strength.
 60500 | Slime:5  | 60500 ||| DROPPING ring of Plog {rPois MR- Int+3 Dex+2 Slay+2}.
 60501 | Slime:5  | 60501 ||| UPGRADING to ring of Creativity {rC- rN+ Str+7 Dex+7}.
 60503 | Slime:5  | 60503 ||| UPGRADING to ring of resist corrosion.
 60505 | Slime:5  | 60505 ||| DROPPING ring of Anuuw {rC+ Stlth-}.
 60506 | Slime:5  | 60506 ||| DROPPING ring of fire.
 60507 | Slime:5  | 60507 ||| DROPPING ring of the Mage {Wiz MR++ Int+3}.
 60744 | D:10     | 60744 ||| UPGRADING to +5 ring of strength.
 60746 | D:10     | 60746 ||| UPGRADING to ring of Creativity {rC- rN+ Str+7 Dex+7}.
 60755 | D:10     | 60755 ||| EATING 7 royal jellies.
 61154 | Depths:3 | Voluntarily entered the Abyss.
 61240 | Abyss:1  | Found a corrupted altar of Lugonu.
 61271 | Abyss:1  | 61271 ||| INVOKING Trog's Hand.
 61286 | Abyss:1  | 61286 ||| EATING 6 royal jellies.
 61459 | Abyss:2  | 61459 ||| Stepping ~*~*~tactically~*~*~ (cloud).
 61626 | Abyss:3  | 61626 ||| INVOKING Berserk.
 61659 | Abyss:3  | 61659 ||| INVOKING Trog's Hand.
 61722 | Abyss:3  | 61722 ||| Stepping randomly (cloudy).
 61782 | Abyss:3  | Received a gift from Trog
 61807 | Abyss:3  | Reached XP level 27. HP: 190/190 MP: 23/23
 62009 | Abyss:3  | 62009 ||| Stepping ~*~*~tactically~*~*~ (cloud).
 62061 | Abyss:3  | Gained mutation: You are agile. (Dex +2) [a neqoxec]
 62073 | Abyss:3  | 62073 ||| INVOKING Trog's Hand.
 62189 | Abyss:3  | 62189 ||| Stepping ~*~*~tactically~*~*~ (cloud).
 62198 | Abyss:3  | 62198 ||| INVOKING Trog's Hand.
 62215 | Abyss:3  | 62215 ||| EATING 5 royal jellies.
 62229 | Abyss:3  | 62229 ||| INVOKING Trog's Hand.
 62236 | Abyss:3  | 62236 ||| INVOKING Brothers in Arms.
 62237 | Abyss:3  | 62237 ||| INVOKING Berserk.
 62248 | Abyss:3  | 62248 ||| EATING 4 royal jellies.
 62263 | Abyss:3  | 62263 ||| INVOKING Trog's Hand.
 62327 | Abyss:3  | 62327 ||| Stepping ~*~*~tactically~*~*~ (cloud).
 62437 | Abyss:3  | 62437 ||| INVOKING Trog's Hand.
 62450 | Abyss:3  | 62450 ||| INVOKING Berserk.
 62468 | Abyss:3  | Received a gift from Trog
 62508 | Abyss:3  | Received a gift from Trog
 62672 | Abyss:3  | Got an abyssal rune of Zot
 62683 | Abyss:3  | 62683 ||| READING scroll of acquirement.
 62684 | Abyss:3  | Got a distressingly furry hat
 62714 | Abyss:3  | 62714 ||| INVOKING Trog's Hand.
 62761 | Abyss:3  | 62761 ||| INVOKING Berserk.
 62878 | Abyss:3  | 62878 ||| INVOKING Berserk.
 62901 | Abyss:3  | 62901 ||| INVOKING Trog's Hand.
 62910 | Abyss:3  | Received a gift from Trog
 63062 | Abyss:3  | 63062 ||| INVOKING Trog's Hand.
 63142 | Abyss:3  | Lost mutation: Your body sometimes deteriorates upon taking damage. [evolution]
 63291 | Abyss:3  | 63291 ||| EATING 3 royal jellies.
 63336 | Depths:3 | Escaped the Abyss
 63760 | D:6      | Fell from the grace of Trog
 63760 | D:6      | Became a worshipper of the Shining One
 63761 | D:6      | 63761 ||| UPGRADING to +4 antimagic broad axe.
 63762 | D:6      | 63762 ||| READING 5 scrolls of brand weapon.
 63762 | D:6      | 63762 ||| BRANDING +4 antimagic broad axe.
 63763 | D:6      | 63763 ||| READING 4 scrolls of brand weapon.
 63763 | D:6      | 63763 ||| BRANDING +4 broad axe of flaming.
 63764 | D:6      | 63764 ||| READING 6 scrolls of enchant weapon.
 63764 | D:6      | 63764 ||| ENCHANTING +4 broad axe of electrocution.
 63765 | D:6      | 63765 ||| READING 5 scrolls of enchant weapon.
 63765 | D:6      | 63765 ||| ENCHANTING +5 broad axe of electrocution.
 63766 | D:6      | 63766 ||| READING 4 scrolls of enchant weapon.
 63766 | D:6      | 63766 ||| ENCHANTING +6 broad axe of electrocution.
 63767 | D:6      | 63767 ||| READING 3 scrolls of enchant weapon.
 63767 | D:6      | 63767 ||| ENCHANTING +7 broad axe of electrocution.
 63768 | D:6      | 63768 ||| READING 2 scrolls of enchant weapon.
 63768 | D:6      | 63768 ||| ENCHANTING +8 broad axe of electrocution.
 63769 | D:6      | 63769 ||| DROPPING +9 vampiric broad axe.
 63770 | D:6      | 63770 ||| UPGRADING to runed scarf.
 63780 | D:6      | 63780 ||| UPGRADING to distressingly furry hat.
 63790 | D:6      | Identified the +0 hat "Yphifyn" {rN+ Int+5} (You acquired it on level 3 of the Abyss)
 63790 | D:6      | 63790 ||| UPGRADING to +1 helmet.
 63800 | D:6      | 63800 ||| DROPPING +0 hat "Yphifyn" {rN+ Int+5}.
 63801 | D:6      | 63801 ||| UPGRADING to +2 cloak.
 63811 | D:6      | 63811 ||| DROPPING scarf of spirit shield.
 63922 | D:11     | 63922 ||| EATING 2 royal jellies.
 64227 | Depths:5 | 64227 ||| UPGRADING to ring of Phasing {EV+8}.
 64229 | Depths:5 | 64229 ||| UPGRADING to +5 ring of strength.
 64231 | Depths:5 | 64231 ||| UPGRADING to ring of Creativity {rC- rN+ Str+7 Dex+7}.
 64250 | Hell     | Entered the Vestibule of Hell
 64250 | Hell     | Noticed Geryon
 64251 | Hell     | 64251 ||| Entered H.
 64251 | Hell     | 64251 ||| STAIRDANCE
 64259 | Hell     | Reached * piety under the Shining One
 64260 | Hell     | 64260 ||| STAIRDANCE
 64272 | Hell     | 64272 ||| STAIRDANCE
 64281 | Hell     | Reached ** piety under the Shining One
 64281 | Hell     | 64281 ||| STAIRDANCE
 64320 | Hell     | 64320 ||| STAIRDANCE
 64338 | Hell     | Reached *** piety under the Shining One
 64338 | Hell     | 64338 ||| STAIRDANCE
 64387 | Hell     | 64387 ||| STAIRDANCE
 64399 | Hell     | 64399 ||| STAIRDANCE
 64495 | Depths:5 | Paralysed by Trog for 6 turns
 64516 | Hell     | 64516 ||| STAIRDANCE
 64546 | Depths:5 | 64546 ||| EATING royal jelly.
 64549 | Hell     | 64549 ||| STAIRDANCE
 64567 | Hell     | 64567 ||| STAIRDANCE
 64639 | Hell     | 64639 ||| STAIRDANCE
 64643 | Hell     | 64643 ||| STAIRDANCE
 64653 | Hell     | 64653 ||| STAIRDANCE
 64683 | Hell     | 64683 ||| STAIRDANCE
 64687 | Depths:5 | Reached **** piety under the Shining One
 64697 | Hell     | 64697 ||| STAIRDANCE
 64712 | Hell     | Killed Geryon
 64786 | Hell     | Reached ***** piety under the Shining One
 64789 | Hell     | Reached skill level 1 in Invocations
 64933 | Hell     | 64933 ||| DRINKING 15 potions of curing.
 64933 | Hell     | 64933 ||| (to cure confusion)
 64972 | Hell     | 64972 ||| STAIRDANCE
 65080 | Hell     | Found a gateway to the freezing wastes of Cocytus.
 65115 | Hell     | 65115 ||| DROPPING ring of see invisible.
 65116 | Hell     | 65116 ||| Stepping randomly (cloudy).
 65117 | Hell     | 65117 ||| Stepping randomly (cloudy).
 65143 | Hell     | 65143 ||| Stepping randomly (cloudy).
 65144 | Hell     | 65144 ||| Stepping ~*~*~tactically~*~*~ (cloud).
 65237 | Hell     | Found a gateway to the ashen valley of Gehenna.
 65315 | Hell     | Found a gateway to the Iron City of Dis.
 65407 | Hell     | Found a gateway to the decaying netherworld of Tartarus.
 65430 | Hell     | 65430 ||| EATING 4 fruits.
 65454 | Dis:1    | Entered Level 1 of the Iron City of Dis
 65455 | Dis:1    | 65455 ||| Entered I.
 65650 | Dis:2    | Reached ****** piety under the Shining One
 65661 | Dis:2    | 65661 ||| INVOKING Brand Weapon With Holy Wrath.
 65661 | Dis:2    | Identified a +9 broad axe of holy wrath (a +9 broad axe of electrocution blessed by the Shining One)
 65661 | Dis:2    | Received a gift from the Shining One
 65678 | Dis:2    | 65678 ||| EATING 3 fruits.
 65734 | Dis:2    | 65734 ||| DRINKING 6 potions of resistance.
 65930 | Dis:2    | 65930 ||| EATING 2 fruits.
 65939 | Dis:2    | Reached skill level 5 in Invocations
 66178 | Dis:3    | 66178 ||| EATING fruit.
 66410 | Dis:5    | 66410 ||| EATING 21 meat rations.
 66695 | Dis:5    | Paralysed by Trog for 2 turns
 66713 | Dis:7    | Entered Level 7 of the Iron City of Dis
 66812 | Dis:7    | Gained mutation: Scrolls take you a little longer to read. [a cacodemon]
 66821 | Dis:7    | 66821 ||| DRINKING 7 potions of mutation.
 66821 | Dis:7    | Lost mutation: You are agile. (Dex +2) [potion of mutation]
 66821 | Dis:7    | Lost mutation: You evolve. [potion of mutation]
 66821 | Dis:7    | Gained mutation: You are somewhat resistant to further mutation. [potion of mutation]
 66822 | Dis:7    | 66822 ||| DRINKING 6 potions of mutation.
 66822 | Dis:7    | Lost mutation: You expend magic power (3 MP) to strengthen your wands. [potion of mutation]
 66822 | Dis:7    | Lost mutation: Your spells are a little harder to cast, but a little more powerful. [potion of mutation]
 66822 | Dis:7    | Lost mutation: Scrolls take you a little longer to read. [potion of mutation]
 66931 | Dis:7    | 66931 ||| DRINKING 5 potions of resistance.
 66932 | Dis:7    | 66932 ||| INVOKING Summon Divine Warrior.
 67030 | Dis:7    | 67030 ||| DRINKING 4 potions of resistance.
 67036 | Dis:7    | Reached skill level 10 in Invocations
 67075 | Dis:7    | 67075 ||| READING scroll of acquirement.
 67298 | Dis:7    | 67298 ||| DRINKING 3 potions of resistance.
 67574 | Dis:7    | 67574 ||| INVOKING Summon Divine Warrior.
 67726 | Dis:7    | 67726 ||| INVOKING Summon Divine Warrior.
 67853 | Dis:7    | 67853 ||| EATING 20 meat rations.
 67937 | Dis:7    | 67937 ||| INVOKING Summon Divine Warrior.
 67979 | Dis:7    | 67979 ||| INVOKING Summon Divine Warrior.
 68178 | Dis:7    | 68178 ||| INVOKING Summon Divine Warrior.
 68191 | Dis:7    | 68191 ||| DRINKING 2 potions of resistance.
 68195 | Dis:7    | Noticed Dispater
 68209 | Dis:7    | HP: 32/195 [Dispater/damnation (44)]
 68210 | Dis:7    | 68210 ||| READING 4 scrolls of teleportation.
 68211 | Dis:7    | 68211 ||| DRINKING 9 potions of heal wounds.
 68222 | Dis:7    | HP: 32/195 [something (26)]
 68223 | Dis:7    | 68223 ||| READING 3 scrolls of teleportation.
 68224 | Dis:7    | 68224 ||| DRINKING 8 potions of heal wounds.
 68487 | Dis:7    | 68487 ||| INVOKING Summon Divine Warrior.
 68546 | Dis:7    | 68546 ||| INVOKING Summon Divine Warrior.
 68546 | Dis:7    | HP: 42/195 [Brimstone Fiend/damnation[Dispater] (30)]
 68547 | Dis:7    | 68547 ||| READING 2 scrolls of teleportation.
 68547 | Dis:7    | HP: 19/195 [Brimstone Fiend/damnation[Dispater] (23)]
 68548 | Dis:7    | 68548 ||| DRINKING 7 potions of heal wounds.
 68549 | Dis:7    | 68549 ||| DRINKING 6 potions of heal wounds.
 68842 | Dis:7    | Killed Dispater
 68883 | Dis:7    | 68883 ||| READING scroll of enchant armour.
 68883 | Dis:7    | 68883 ||| ENCHANTING +1 helmet.
 68897 | Dis:7    | Got an iron rune of Zot
 68994 | Dis:7    | 68994 ||| EATING royal jelly.
 69169 | Hell     | 69169 ||| UPGRADING to shiny plate armour.
 69179 | Hell     | 69179 ||| UPGRADING to glowing hat.
 69189 | Hell     | 69189 ||| UPGRADING to glowing plate armour.
 69199 | Hell     | 69199 ||| DROPPING +2 plate armour of cold resistance.
 69200 | Hell     | 69200 ||| UPGRADING to +1 plate armour of the Hurricane {*Drain rPois rC+ Slay+4}.
 69210 | Hell     | 69210 ||| DROPPING +3 plate armour of magic resistance.
 69211 | Hell     | 69211 ||| UPGRADING to +2 helmet.
 69221 | Hell     | 69221 ||| DROPPING +2 hat of magic resistance.
 69222 | Hell     | 69222 ||| UPGRADING to ring of strength.
 69224 | Hell     | 69224 ||| UPGRADING to +5 ring of strength.
 69226 | Hell     | 69226 ||| UPGRADING to ring of Phasing {EV+8}.
 69228 | Hell     | 69228 ||| DROPPING +4 ring of strength.
 69253 | Hell     | 69253 ||| Stepping randomly (cloudy).
 69283 | Tar:1    | Entered Level 1 of Tartarus
 69284 | Tar:1    | 69284 ||| Entered Y.
 69464 | Tar:2    | 69464 ||| DRINKING 14 potions of curing.
 69464 | Tar:2    | 69464 ||| (to cure confusion)
 69502 | Tar:2    | 69502 ||| INVOKING Summon Divine Warrior.
 69522 | Tar:2    | 69522 ||| EATING 19 meat rations.
 69717 | Tar:3    | 69717 ||| INVOKING Summon Divine Warrior.
 69718 | Tar:3    | 69718 ||| INVOKING Summon Divine Warrior.
 69800 | Tar:4    | 69800 ||| INVOKING Summon Divine Warrior.
 70031 | Tar:6    | 70031 ||| INVOKING Summon Divine Warrior.
 70562 | Tar:7    | Entered Level 7 of Tartarus
 70600 | Tar:7    | 70600 ||| INVOKING Summon Divine Warrior.
 70629 | Tar:7    | 70629 ||| EATING 18 meat rations.
 70736 | Tar:7    | Reached skill level 27 in Fighting
 70999 | Tar:7    | 70999 ||| INVOKING Summon Divine Warrior.
 71135 | Tar:7    | 71135 ||| INVOKING Summon Divine Warrior.
 71148 | Tar:7    | Was forgiven by Trog
 71226 | Tar:7    | Noticed the Serpent of Hell
 71244 | Tar:7    | Noticed Ereshkigal
 71244 | Tar:7    | 71244 ||| INVOKING Summon Divine Warrior.
 71245 | Tar:7    | Killed the Serpent of Hell
 71261 | Tar:7    | Killed Ereshkigal
 71261 | Tar:7    | Reached skill level 27 in Armour
 71261 | Tar:7    | Reached skill level 15 in Invocations
 71620 | Tar:7    | Reached skill level 15 in Dodging
 71784 | Tar:7    | 71784 ||| EATING 17 meat rations.
 72021 | Tar:7    | Identified the Catalogue of Earth and Transmigration
 72023 | Tar:7    | Got a bone rune of Zot
 72214 | Geh:1    | Entered Level 1 of Gehenna
 72215 | Geh:1    | 72215 ||| Entered G.
 72323 | Geh:1    | 72323 ||| INVOKING Summon Divine Warrior.
 72448 | Geh:2    | 72448 ||| INVOKING Summon Divine Warrior.
 72604 | Geh:3    | 72604 ||| INVOKING Summon Divine Warrior.
 72772 | Geh:3    | 72772 ||| INVOKING Summon Divine Warrior.
 72944 | Geh:4    | 72944 ||| INVOKING Summon Divine Warrior.
 73073 | Geh:4    | 73073 ||| READING scroll of teleportation.
 73179 | Geh:5    | 73179 ||| INVOKING Summon Divine Warrior.
 73408 | Geh:5    | 73408 ||| INVOKING Summon Divine Warrior.
 73732 | Geh:7    | Entered Level 7 of Gehenna
 73873 | Geh:7    | 73873 ||| EATING 16 meat rations.
 74049 | Geh:7    | 74049 ||| INVOKING Summon Divine Warrior.
 74331 | Geh:7    | Gained mutation: Scrolls take you a little longer to read. [mutagenic glow]
 74337 | Geh:7    | 74337 ||| DRINKING 5 potions of mutation.
 74337 | Geh:7    | Lost mutation: Scrolls take you a little longer to read. [potion of mutation]
 74337 | Geh:7    | Lost mutation: Your flesh is cold resistant. (rC+) [potion of mutation]
 74337 | Geh:7    | Gained mutation: You are partially covered in slimy green scales. (AC +2) [potion of mutation]
 74337 | Geh:7    | Gained mutation: You are partially covered in thin metallic scales. (AC +2) [potion of mutation]
 74371 | Geh:7    | 74371 ||| ZAPPING wand of digging (24).
 74376 | Geh:7    | 74376 ||| Stepping randomly (cloudy).
 74424 | Geh:7    | 74424 ||| INVOKING Summon Divine Warrior.
 74507 | Geh:7    | 74507 ||| Stepping ~*~*~tactically~*~*~ (cloud).
 74698 | Geh:7    | 74698 ||| UPGRADING to runed plate armour.
 74699 | Geh:7    | 74699 ||| UPGRADING to runed plate armour.
 74700 | Geh:7    | 74700 ||| UPGRADING to runed plate armour.
 74701 | Geh:7    | 74701 ||| UPGRADING to runed plate armour.
 74713 | Geh:7    | 74713 ||| UPGRADING to +1 plate armour of the Hurricane {*Drain rPois rC+ Slay+4}.
 74722 | Geh:7    | 74722 ||| UPGRADING to +1 plate armour of the Hurricane {*Drain rPois rC+ Slay+4}.
 74732 | Geh:7    | 74732 ||| DROPPING +2 plate armour of poison resistance.
 74766 | Geh:7    | 74766 ||| Stepping ~*~*~tactically~*~*~ (cloud).
 75158 | Geh:7    | 75158 ||| INVOKING Summon Divine Warrior.
 75160 | Geh:7    | 75160 ||| INVOKING Summon Divine Warrior.
 75163 | Geh:7    | 75163 ||| EATING 15 meat rations.
 75393 | Geh:7    | Noticed Asmodeus
 75394 | Geh:7    | 75394 ||| DRINKING 2 potions of haste.
 75395 | Geh:7    | 75395 ||| DRINKING potion of resistance.
 75396 | Geh:7    | 75396 ||| DRINKING 8 potions of might.
 75414 | Geh:7    | Killed Asmodeus
 75456 | Geh:7    | Got an obsidian rune of Zot
 75705 | Coc:1    | Entered Level 1 of Cocytus
 75706 | Coc:1    | 75706 ||| Entered X.
 75761 | Coc:1    | 75761 ||| INVOKING Summon Divine Warrior.
 75775 | Coc:1    | 75775 ||| Stepping ~*~*~tactically~*~*~ (cloud).
 75798 | Coc:2    | 75798 ||| Stepping ~*~*~tactically~*~*~ (cloud).
 75806 | Coc:2    | 75806 ||| Stepping randomly (cloudy).
 75807 | Coc:2    | 75807 ||| Stepping ~*~*~tactically~*~*~ (cloud).
 75842 | Coc:2    | 75842 ||| Stepping ~*~*~tactically~*~*~ (cloud).
 75849 | Coc:2    | 75849 ||| Stepping ~*~*~tactically~*~*~ (cloud).
 76231 | Coc:3    | 76231 ||| INVOKING Summon Divine Warrior.
 76463 | Coc:4    | 76463 ||| EATING 15 meat rations.
 77039 | Coc:6    | 77039 ||| Stepping ~*~*~tactically~*~*~ (cloud).
 77042 | Coc:6    | 77042 ||| Stepping ~*~*~tactically~*~*~ (cloud).
 77047 | Coc:6    | 77047 ||| Stepping ~*~*~tactically~*~*~ (cloud).
 77861 | Coc:6    | 77861 ||| EATING 14 meat rations.
 77889 | Coc:7    | Entered Level 7 of Cocytus
 77907 | Coc:7    | 77907 ||| INVOKING Summon Divine Warrior.
 77909 | Coc:7    | 77909 ||| Stepping ~*~*~tactically~*~*~ (cloud).
 77910 | Coc:7    | 77910 ||| Stepping ~*~*~tactically~*~*~ (cloud).
 77911 | Coc:7    | 77911 ||| INVOKING Summon Divine Warrior.
 77914 | Coc:7    | 77914 ||| Stepping ~*~*~tactically~*~*~ (cloud).
 77917 | Coc:7    | 77917 ||| Stepping ~*~*~tactically~*~*~ (cloud).
 77921 | Coc:7    | 77921 ||| Stepping ~*~*~tactically~*~*~ (cloud).
 77970 | Coc:7    | 77970 ||| Stepping ~*~*~tactically~*~*~ (cloud).
 77975 | Coc:7    | 77975 ||| Stepping ~*~*~tactically~*~*~ (cloud).
 77981 | Coc:7    | 77981 ||| Stepping randomly (cloudy).
 77982 | Coc:7    | 77982 ||| Stepping ~*~*~tactically~*~*~ (cloud).
 78002 | Coc:7    | 78002 ||| Stepping ~*~*~tactically~*~*~ (cloud).
 78013 | Coc:7    | 78013 ||| Stepping ~*~*~tactically~*~*~ (cloud).
 78014 | Coc:7    | 78014 ||| Stepping ~*~*~tactically~*~*~ (cloud).
 78015 | Coc:7    | 78015 ||| Stepping ~*~*~tactically~*~*~ (cloud).
 78016 | Coc:7    | 78016 ||| INVOKING Summon Divine Warrior.
 78018 | Coc:7    | 78018 ||| Stepping ~*~*~tactically~*~*~ (cloud).
 78018 | Coc:7    | HP: 49/199 [Ice Fiend/bolt of cold (45)]
 78019 | Coc:7    | 78019 ||| READING scroll of teleportation.
 78020 | Coc:7    | 78020 ||| DRINKING 5 potions of heal wounds.
 78022 | Coc:7    | 78022 ||| DRINKING 4 potions of heal wounds.
 78024 | Coc:7    | HP: 13/199 [Ice Fiend/bolt of cold (43)]
 78025 | Coc:7    | 78025 ||| DRINKING 3 potions of heal wounds.
 78026 | Coc:7    | 78026 ||| DRINKING 2 potions of heal wounds.
 78027 | Coc:7    | 78027 ||| DRINKING potion of heal wounds.
 78028 | Coc:7    | 78028 ||| INVOKING Summon Divine Warrior.
 78029 | Coc:7    | 78029 ||| Stepping ~*~*~tactically~*~*~ (cloud).
 78062 | Coc:7    | 78062 ||| Stepping ~*~*~tactically~*~*~ (cloud).
 78151 | Coc:7    | 78151 ||| Stepping ~*~*~tactically~*~*~ (cloud).
 78154 | Coc:7    | Got a faintly glowing broad axe
 78155 | Coc:7    | 78155 ||| UPGRADING to faintly glowing broad axe.
 78155 | Coc:7    | Identified the +3 broad axe of Bread {venom, Str-4 Int+5} (You found it on level 7 of Cocytus)
 78156 | Coc:7    | 78156 ||| SWAPPING to +9 broad axe of holy wrath.
 78157 | Coc:7    | 78157 ||| DROPPING +3 broad axe of Bread {venom, Str-4 Int+5}.
 78284 | Coc:7    | 78284 ||| Stepping randomly (cloudy).
 78346 | Coc:7    | 78346 ||| DRINKING 13 potions of curing.
 78346 | Coc:7    | 78346 ||| (to cure confusion)
 78396 | Coc:7    | 78396 ||| INVOKING Summon Divine Warrior.
 78421 | Coc:7    | 78421 ||| Stepping ~*~*~tactically~*~*~ (cloud).
 78424 | Coc:7    | 78424 ||| Stepping ~*~*~tactically~*~*~ (cloud).
 78433 | Coc:7    | 78433 ||| Stepping ~*~*~tactically~*~*~ (cloud).
 78497 | Coc:7    | 78497 ||| Stepping ~*~*~tactically~*~*~ (cloud).
 78499 | Coc:7    | 78499 ||| Stepping ~*~*~tactically~*~*~ (cloud).
 78500 | Coc:7    | 78500 ||| INVOKING Summon Divine Warrior.
 78501 | Coc:7    | 78501 ||| Stepping ~*~*~tactically~*~*~ (cloud).
 78525 | Coc:7    | 78525 ||| Stepping ~*~*~tactically~*~*~ (cloud).
 78528 | Coc:7    | 78528 ||| Stepping ~*~*~tactically~*~*~ (cloud).
 78532 | Coc:7    | 78532 ||| Stepping ~*~*~tactically~*~*~ (cloud).
 78533 | Coc:7    | 78533 ||| INVOKING Summon Divine Warrior.
 78838 | Coc:7    | 78838 ||| Stepping ~*~*~tactically~*~*~ (cloud).
 78843 | Coc:7    | 78843 ||| Stepping ~*~*~tactically~*~*~ (cloud).
 78844 | Coc:7    | 78844 ||| Stepping ~*~*~tactically~*~*~ (cloud).
 78845 | Coc:7    | 78845 ||| Stepping ~*~*~tactically~*~*~ (cloud).
 78852 | Coc:7    | 78852 ||| INVOKING Summon Divine Warrior.
 78863 | Coc:7    | 78863 ||| EATING 13 meat rations.
 78975 | Coc:7    | 78975 ||| Stepping ~*~*~tactically~*~*~ (cloud).
 78979 | Coc:7    | 78979 ||| Stepping ~*~*~tactically~*~*~ (cloud).
 79008 | Coc:7    | 79008 ||| Stepping ~*~*~tactically~*~*~ (cloud).
 79055 | Coc:7    | 79055 ||| Stepping ~*~*~tactically~*~*~ (cloud).
 79102 | Coc:7    | Got an icy rune of Zot
 79121 | Coc:7    | Noticed Antaeus
 79258 | Coc:7    | 79258 ||| Stepping ~*~*~tactically~*~*~ (cloud).
 79389 | Pan      | Entered Pandemonium
 79621 | Pan      | 79621 ||| INVOKING Summon Divine Warrior.
 79631 | Pan      | Noticed Hoboydgho the pandemonium lord
 79662 | Pan      | Paralysed by Hoboydgho for 7 turns
 79673 | Pan      | Killed Hoboydgho the pandemonium lord
 79873 | Pan      | 79873 ||| Stepping randomly (cloudy).
 79874 | Pan      | 79874 ||| Stepping ~*~*~tactically~*~*~ (cloud).
 79894 | Pan      | 79894 ||| Stepping randomly (cloudy).
 79895 | Pan      | 79895 ||| Stepping randomly (cloudy).
 79896 | Pan      | 79896 ||| Stepping randomly (cloudy).
 79897 | Pan      | 79897 ||| Stepping randomly (cloudy).
 79898 | Pan      | 79898 ||| Stepping ~*~*~tactically~*~*~ (cloud).
 80040 | Pan      | 80040 ||| INVOKING Summon Divine Warrior.
 80049 | Pan      | 80049 ||| INVOKING Summon Divine Warrior.
 80068 | Pan      | 80068 ||| EATING 3 royal jellies.
 80764 | Pan      | Found an exit through the horrors of the Abyss.
 81033 | Pan      | 81033 ||| EATING 3 fruits.
 81276 | Depths:3 | Escaped Pandemonium
 81278 | Pan      | Entered Pandemonium
 81315 | Pan      | 81315 ||| EATING 2 royal jellies.
 81500 | Pan      | Found a runed door.
 81508 | Pan      | Found a runed door.
 81526 | Pan      | 81526 ||| INVOKING Summon Divine Warrior.
 81568 | Pan      | Found a runed door.
 81577 | Pan      | Found a runed door.
 81855 | Pan      | 81855 ||| Stepping ~*~*~tactically~*~*~ (cloud).
 81870 | Pan      | 81870 ||| EATING 2 fruits.
 82151 | Pan      | 82151 ||| EATING royal jelly.
 82292 | Pan      | 82292 ||| UPGRADING to glowing plate armour.
 82302 | Pan      | 82302 ||| UPGRADING to shiny large shield.
 82312 | Pan      | 82312 ||| UPGRADING to +1 plate armour of the Hurricane {*Drain rPois rC+ Slay+4}.
 82322 | Pan      | 82322 ||| DROPPING +1 plate armour of positive energy.
 82323 | Pan      | 82323 ||| DROPPING +0 large shield.
 82329 | Pan      | Noticed Ceuzejenk the pandemonium lord
 82330 | Pan      | 82330 ||| INVOKING Summon Divine Warrior.
 82339 | Pan      | 82339 ||| INVOKING Summon Divine Warrior.
 82344 | Pan      | Killed Ceuzejenk the pandemonium lord
 82360 | Pan      | Got a shimmering plate armour
 82361 | Pan      | 82361 ||| UPGRADING to shimmering plate armour.
 82371 | Pan      | Identified the +1 plate armour of the Blind Marksman {Int+4 SInv} (You found it in Pandemonium)
 82371 | Pan      | 82371 ||| UPGRADING to +1 plate armour of the Hurricane {*Drain rPois rC+ Slay+4}.
 82381 | Pan      | 82381 ||| DROPPING +1 plate armour of the Blind Marksman {Int+4 SInv}.
 82551 | Pan      | 82551 ||| INVOKING Summon Divine Warrior.
 82554 | Pan      | Noticed Agest the pandemonium lord
 82564 | Pan      | 82564 ||| INVOKING Summon Divine Warrior.
 82585 | Pan      | The Shining One protects you from harm!
 82592 | Pan      | 82592 ||| INVOKING Summon Divine Warrior.
 82594 | Pan      | Killed Agest the pandemonium lord
 82598 | Pan      | 82598 ||| INVOKING Summon Divine Warrior.
 82605 | Pan      | 82605 ||| Stepping ~*~*~tactically~*~*~ (cloud).
 82615 | Pan      | 82615 ||| EATING fruit.
 83059 | Pan      | Got a demonic rune of Zot
 83130 | Pan      | 83130 ||| INVOKING Summon Divine Warrior.
 83162 | Pan      | Noticed Hycajali the pandemonium lord
 83397 | Pan      | 83397 ||| INVOKING Summon Divine Warrior.
 83529 | Pan      | Entered the realm of Gloorx Vloq.
 83624 | Pan      | Noticed Gloorx Vloq
 83638 | Pan      | 83638 ||| INVOKING Summon Divine Warrior.
 83646 | Pan      | Killed Gloorx Vloq
 83747 | Pan      | Got a dark rune of Zot
 83832 | Pan      | 83832 ||| EATING royal jelly.
 84133 | Pan      | Noticed Siugaral the pandemonium lord
 84133 | Pan      | 84133 ||| INVOKING Summon Divine Warrior.
 84141 | Pan      | 84141 ||| Stepping ~*~*~tactically~*~*~ (cloud).
 84148 | Pan      | Killed Siugaral the pandemonium lord
 84447 | Pan      | Noticed Fyucawe the pandemonium lord
 84448 | Pan      | 84448 ||| INVOKING Summon Divine Warrior.
 84452 | Pan      | 84452 ||| READING 6 scrolls of teleportation.
 84466 | Pan      | Found an exit through the horrors of the Abyss.
 84753 | Pan      | 84753 ||| Stepping ~*~*~tactically~*~*~ (cloud).
 84754 | Pan      | 84754 ||| Stepping ~*~*~tactically~*~*~ (cloud).
 84911 | Pan      | 84911 ||| INVOKING Summon Divine Warrior.
 84922 | Pan      | 84922 ||| EATING 2 fruits.
 85140 | Pan      | Noticed Ofurph the pandemonium lord
 85149 | Pan      | 85149 ||| INVOKING Summon Divine Warrior.
 85159 | Pan      | Killed Ofurph the pandemonium lord
 85655 | Pan      | 85655 ||| EATING fruit.
 85987 | Pan      | 85987 ||| INVOKING Summon Divine Warrior.
 86002 | Pan      | Entered the realm of Mnoleg.
 86129 | Pan      | 86129 ||| EATING royal jelly.
 86425 | Pan      | Paralysed by a floating eye for 2 turns
 86659 | Pan      | Paralysed by a floating eye for 2 turns
 86663 | Pan      | Gained mutation: You are very weak. (Str -4) [a neqoxec]
 86734 | Pan      | 86734 ||| EATING 15 meat rations.
 86752 | Pan      | Noticed Mnoleg
 86753 | Pan      | 86753 ||| INVOKING Summon Divine Warrior.
 86767 | Pan      | 86767 ||| DRINKING 15 potions of curing.
 86767 | Pan      | 86767 ||| (to cure confusion)
 86774 | Pan      | 86774 ||| DRINKING 14 potions of curing.
 86774 | Pan      | 86774 ||| (to cure confusion)
 86778 | Pan      | 86778 ||| INVOKING Summon Divine Warrior.
 86782 | Pan      | 86782 ||| DRINKING 13 potions of curing.
 86782 | Pan      | 86782 ||| (to cure confusion)
 86784 | Pan      | 86784 ||| DRINKING 12 potions of curing.
 86784 | Pan      | 86784 ||| (to cure confusion)
 86785 | Pan      | 86785 ||| DRINKING 11 potions of curing.
 86785 | Pan      | 86785 ||| (to cure confusion)
 86785 | Pan      | Paralysed by a floating eye for 2 turns
 86787 | Pan      | 86787 ||| DRINKING 10 potions of curing.
 86787 | Pan      | 86787 ||| (to cure confusion)
 86788 | Pan      | 86788 ||| DRINKING 9 potions of curing.
 86788 | Pan      | 86788 ||| (to cure confusion)
 86788 | Pan      | Gained mutation: Your spells are a little easier to cast, but a little less powerful. [Mnoleg's mutagenic touch]
 86790 | Pan      | 86790 ||| DRINKING 8 potions of curing.
 86790 | Pan      | 86790 ||| (to cure confusion)
 86791 | Pan      | 86791 ||| DRINKING 7 potions of curing.
 86791 | Pan      | 86791 ||| (to cure confusion)
 86793 | Pan      | 86793 ||| DRINKING 6 potions of curing.
 86793 | Pan      | 86793 ||| (to cure confusion)
 86793 | Pan      | Paralysed by a floating eye for 4 turns
 86797 | Pan      | 86797 ||| DRINKING 5 potions of curing.
 86797 | Pan      | 86797 ||| (to cure confusion)
 86804 | Pan      | 86804 ||| DRINKING 4 potions of curing.
 86804 | Pan      | 86804 ||| (to cure confusion)
 86805 | Pan      | 86805 ||| DRINKING 3 potions of curing.
 86805 | Pan      | 86805 ||| (to cure confusion)
 86806 | Pan      | 86806 ||| DRINKING 2 potions of curing.
 86806 | Pan      | 86806 ||| (to cure confusion)
 86807 | Pan      | 86807 ||| DRINKING potion of curing.
 86807 | Pan      | 86807 ||| (to cure confusion)
 86812 | Pan      | Killed Mnoleg
 86866 | Pan      | Got a glowing rune of Zot
 86933 | Pan      | Entered the realm of Lom Lobon.
 87460 | Pan      | Found an exit through the horrors of the Abyss.
 87594 | Pan      | 87594 ||| UPGRADING to iron ring.
 87596 | Pan      | 87596 ||| UPGRADING to ring of protection from fire.
 87599 | Pan      | 87599 ||| UPGRADING to ring of Phasing {EV+8}.
 87601 | Pan      | 87601 ||| Stepping ~*~*~tactically~*~*~ (cloud).
 87625 | Pan      | 87625 ||| INVOKING Summon Divine Warrior.
 87673 | Pan      | Noticed Lom Lobon
 87674 | Pan      | 87674 ||| DRINKING 3 potions of haste.
 87675 | Pan      | 87675 ||| INVOKING Summon Divine Warrior.
 87676 | Pan      | 87676 ||| DRINKING 7 potions of might.
 87678 | Pan      | 87678 ||| Stepping ~*~*~tactically~*~*~ (cloud).
 87690 | Pan      | 87690 ||| INVOKING Summon Divine Warrior.
 87691 | Pan      | 87691 ||| INVOKING Summon Divine Warrior.
 87694 | Pan      | 87694 ||| DROPPING ring of positive energy.
 87695 | Pan      | 87695 ||| Stepping randomly (cloudy).
 87696 | Pan      | 87696 ||| Stepping ~*~*~tactically~*~*~ (cloud).
 87701 | Pan      | 87701 ||| INVOKING Summon Divine Warrior.
 87714 | Pan      | 87714 ||| Stepping ~*~*~tactically~*~*~ (cloud).
 87718 | Pan      | 87718 ||| INVOKING Summon Divine Warrior.
 87718 | Pan      | HP: 26/199 [Lom Lobon/great icy blast (50)]
 87719 | Pan      | 87719 ||| READING 8 scrolls of teleportation.
 87720 | Pan      | 87720 ||| DRINKING 2 potions of heal wounds.
 87721 | Pan      | 87721 ||| DRINKING potion of heal wounds.
 87725 | Pan      | HP: 32/199 [Lom Lobon] (8)]
 87726 | Pan      | HP: 11/199 [Lom Lobon/great icy blast (20)]
 87727 | Pan      | 87727 ||| Stepping ~*~*~tactically~*~*~ (cloud).
 87899 | Pan      | 87899 ||| INVOKING Summon Divine Warrior.
 88324 | Pan      | 88324 ||| EATING 14 meat rations.
 88391 | Pan      | 88391 ||| Stepping ~*~*~tactically~*~*~ (cloud).
 88590 | Pan      | 88590 ||| Stepping randomly (cloudy).
 88591 | Pan      | 88591 ||| Stepping ~*~*~tactically~*~*~ (cloud).
 88610 | Pan      | 88610 ||| Stepping ~*~*~tactically~*~*~ (cloud).
 88726 | Pan      | Identified Lee's Incunabulum of Earthen Battle Magic
 88740 | Pan      | 88740 ||| DRINKING 2 potions of haste.
 88741 | Pan      | 88741 ||| INVOKING Summon Divine Warrior.
 88742 | Pan      | 88742 ||| DRINKING 6 potions of might.
 88743 | Pan      | 88743 ||| Stepping randomly (cloudy).
 88744 | Pan      | 88744 ||| Stepping randomly (cloudy).
 88745 | Pan      | 88745 ||| INVOKING Summon Divine Warrior.
 88750 | Pan      | 88750 ||| INVOKING Summon Divine Warrior.
 88751 | Pan      | 88751 ||| READING 8 scrolls of teleportation.
 88752 | Pan      | 88752 ||| Stepping randomly (stuck).
 88753 | Pan      | 88753 ||| Stepping ~*~*~tactically~*~*~ (cloud).
 88758 | Pan      | 88758 ||| INVOKING Summon Divine Warrior.
 88759 | Pan      | 88759 ||| READING 7 scrolls of teleportation.
 88760 | Pan      | 88760 ||| Stepping randomly (stuck).
 88760 | Pan      | HP: 48/199 [Lom Lobon] (15)]
 88765 | Pan      | HP: 32/199 [Lom Lobon (5)]
 88851 | Pan      | HP: 48/199 [smoke demon/divine providence (11)]
 88852 | Pan      | 88852 ||| READING 6 scrolls of teleportation.
 88873 | Pan      | 88873 ||| READING 5 scrolls of teleportation.
 88875 | Pan      | HP: 32/199 [smoke demon/divine providence (12)]
 88886 | Pan      | 88886 ||| READING 4 scrolls of teleportation.
 88887 | Pan      | 88887 ||| Stepping ~*~*~tactically~*~*~ (cloud).
 88905 | Pan      | 88905 ||| READING 3 scrolls of teleportation.
 88908 | Pan      | HP: 35/199 [smoke demon/ball of steam (11)]
 88921 | Pan      | 88921 ||| READING 2 scrolls of teleportation.
 88922 | Pan      | HP: 39/199 [hellwing (4)]
 89444 | Pan      | 89444 ||| DRINKING potion of haste.
 89445 | Pan      | 89445 ||| INVOKING Summon Divine Warrior.
 89446 | Pan      | 89446 ||| DRINKING 5 potions of might.
 89462 | Pan      | 89462 ||| INVOKING Summon Divine Warrior.
 89463 | Pan      | 89463 ||| INVOKING Summon Divine Warrior.
 89464 | Pan      | 89464 ||| INVOKING Summon Divine Warrior.
 89473 | Pan      | 89473 ||| EATING 13 meat rations.
 89474 | Pan      | 89474 ||| Stepping randomly (cloudy).
 89480 | Pan      | 89480 ||| INVOKING Summon Divine Warrior.
 89481 | Pan      | 89481 ||| Stepping randomly (cloudy).
 89482 | Pan      | 89482 ||| Stepping randomly (cloudy).
 89483 | Pan      | 89483 ||| Stepping randomly (cloudy).
 89484 | Pan      | 89484 ||| Stepping randomly (cloudy).
 89492 | Pan      | Killed Lom Lobon
 89493 | Pan      | 89493 ||| READING scroll of teleportation.
 89494 | Pan      | 89494 ||| Stepping randomly (stuck).
 89495 | Pan      | 89495 ||| Stepping ~*~*~tactically~*~*~ (cloud).
 89850 | Pan      | Got a magical rune of Zot
 90037 | Pan      | Entered the realm of Cerebov.
 90081 | Pan      | 90081 ||| INVOKING Summon Divine Warrior.
 90092 | Pan      | Noticed Cerebov
 90092 | Pan      | 90092 ||| DRINKING potion of resistance.
 90099 | Pan      | 90099 ||| INVOKING Summon Divine Warrior.
 90110 | Pan      | 90110 ||| Stepping ~*~*~tactically~*~*~ (cloud).
 90112 | Pan      | HP: 47/199 [Cerebov/great serpentine sword {flame} (25)]
 90115 | Pan      | The Shining One protects you from harm!
 90118 | Pan      | Killed Cerebov
 90118 | Pan      | Reached skill level 27 in Axes
 90347 | Pan      | Got a scintillating marble ring
 90373 | Pan      | Got a faintly glowing bone ring
 90487 | Pan      | Identified the Handbook of Warped Cold
 90613 | Pan      | Got a fiery rune of Zot
 90702 | Pan      | 90702 ||| EATING 2 royal jellies.
 90788 | Pan      | Identified the ring "Poeckazea" {*Corrode rElec MP+9 Dex+5 Stlth+} (You found it in Pandemonium)
 90789 | Pan      | Identified the ring "Xolofit" {EV+5 Int+4} (You found it in Pandemonium)
 91239 | Pan      | 91239 ||| DROPPING +0 fire dragon scales.
 91240 | Pan      | 91240 ||| DROPPING ring "Poeckazea" {*Corrode rElec MP+9 Dex+5 Stlth+}.
 91241 | Pan      | 91241 ||| DROPPING +5 ring of strength.
 91242 | Pan      | 91242 ||| DROPPING ring of protection from cold.
 91278 | Pan      | Found an exit through the horrors of the Abyss.
 91302 | Pan      | 91302 ||| EATING royal jelly.
 91416 | Pan      | 91416 ||| Stepping randomly (cloudy).
 91417 | Pan      | 91417 ||| Stepping ~*~*~tactically~*~*~ (cloud).
 91930 | Pan      | 91930 ||| EATING royal jelly.
 92523 | Pan      | 92523 ||| Stepping randomly (cloudy).
 92524 | Pan      | 92524 ||| Stepping ~*~*~tactically~*~*~ (cloud).
 92569 | Pan      | Noticed Duicio the pandemonium lord
 92569 | Pan      | 92569 ||| INVOKING Summon Divine Warrior.
 92580 | Pan      | Killed Duicio the pandemonium lord
 92588 | Pan      | 92588 ||| EATING fruit.
 92643 | Pan      | Found an exit through the horrors of the Abyss.
 93048 | Pan      | 93048 ||| UPGRADING to runed plate armour.
 93058 | Pan      | 93058 ||| EATING royal jelly.
 93059 | Pan      | 93059 ||| DROPPING +3 plate armour of fire resistance.
 93060 | Pan      | 93060 ||| UPGRADING to runed scarf.
 93070 | Pan      | 93070 ||| UPGRADING to +1 plate armour of the Hurricane {*Drain rPois rC+ Slay+4}.
 93080 | Pan      | 93080 ||| UPGRADING to runed hat.
 93090 | Pan      | 93090 ||| UPGRADING to +2 helmet.
 93100 | Pan      | 93100 ||| DROPPING +1 hat.
 93101 | Pan      | 93101 ||| DROPPING +2 cloak.
 93714 | Pan      | 93714 ||| Stepping randomly (cloudy).
 93715 | Pan      | 93715 ||| Stepping ~*~*~tactically~*~*~ (cloud).
 93907 | Pan      | Found a runed door.
 94216 | Pan      | 94216 ||| UPGRADING to runed large shield.
 94226 | Pan      | 94226 ||| DROPPING +2 large shield of positive energy.
 94262 | Pan      | 94262 ||| INVOKING Summon Divine Warrior.
 94289 | Pan      | 94289 ||| EATING 13 meat rations.
 94324 | Pan      | Noticed Emnie the pandemonium lord
 94335 | Pan      | Killed Emnie the pandemonium lord
 94344 | Pan      | Found an exit through the horrors of the Abyss.
 94719 | Pan      | Noticed Appefur the pandemonium lord
 94730 | Pan      | 94730 ||| INVOKING Summon Divine Warrior.
 94736 | Pan      | Killed Appefur the pandemonium lord
 95214 | Pan      | Got a pair of distressingly furry boots
 95664 | Pan      | 95664 ||| UPGRADING to pair of distressingly furry boots.
 95674 | Pan      | Identified the +2 pair of boots of the Ban {rC+ MR- Str+3 Dex+7} (You found it in Pandemonium)
 95674 | Pan      | 95674 ||| DROPPING +2 pair of boots.
 95675 | Pan      | 95675 ||| UPGRADING to ring of protection.
 95677 | Pan      | 95677 ||| UPGRADING to ring "Xolofit" {EV+5 Int+4}.
 95679 | Pan      | 95679 ||| UPGRADING to ring of Phasing {EV+8}.
 95681 | Pan      | 95681 ||| DROPPING +4 ring of protection.
 95701 | Pan      | 95701 ||| EATING 12 meat rations.
 95722 | Depths:3 | Escaped Pandemonium
 96193 | Vaults:5 | Got a pitted platinum amulet
 96194 | Vaults:5 | Identified the amulet "Reagakk" {+Rage rF+ rC+ SInv} (You took it off a vault sentinel on level 5 of the Vaults)
 96514 | Vaults:5 | Cast into level 2 of the Abyss (a deep elf sorcerer)
 96533 | Abyss:2  | Paralysed by accursed screaming for 1 turns
 96538 | Vaults:5 | Escaped the Abyss
 97142 | Slime:5  | Got a twitching steel amulet
 97143 | Slime:5  | Identified the amulet "Ceddebiu" {RegenMP +Blink rPois rF- Str+7} (You found it on level 5 of the Pits of Slime)
 97679 | Zig:1    | Entered Level 1 of a ziggurat
 97707 | Zig:2    | Entered Level 2 of a ziggurat
 97742 | Zig:3    | Entered Level 3 of a ziggurat
 97832 | Zig:4    | Entered Level 4 of a ziggurat
 97835 | Zig:4    | Noticed an ancient lich
 97847 | Zig:4    | Killed an ancient lich
 97854 | Zig:4    | Got a flickering tin amulet
 97855 | Zig:4    | Identified the amulet of Har Pasu {Inacc *Contam +Inv MR+ Int+4} (You found it on level 4 of a ziggurat)
 97862 | Zig:5    | Entered Level 5 of a ziggurat
 97938 | Zig:6    | Entered Level 6 of a ziggurat
 97961 | Zig:6    | Reached skill level 1 in Evocations
 97990 | Zig:6    | Got a flickering tin ring
 97994 | Zig:6    | Got a crude golden ring
 98010 | Zig:6    | Identified the ring of Scepticism {*Drain +Fly rC++ Str+6} (You found it on level 6 of a ziggurat)
 98011 | Zig:6    | Identified the ring of Terra Nullius {rElec Dex+7 Stlth-} (You found it on level 6 of a ziggurat)
 98023 | Zig:7    | Entered Level 7 of a ziggurat
 98057 | Zig:7    | Found the +8 demon blade "Bloodbane" {slice, *Rage +Rage Stlth-}
 98115 | Zig:8    | Entered Level 8 of a ziggurat
 98191 | Zig:9    | Entered Level 9 of a ziggurat
 98380 | Zig:10   | Entered Level 10 of a ziggurat
 98691 | Zig:11   | Entered Level 11 of a ziggurat
 98770 | Zig:12   | Entered Level 12 of a ziggurat
 98778 | Zig:12   | Noticed Hayge the pandemonium lord
 98779 | Zig:12   | Noticed Yzatsuq the pandemonium lord
 98779 | Zig:12   | Noticed Ribek the pandemonium lord
 98790 | Zig:12   | Killed Yzatsuq the pandemonium lord
 98790 | Zig:12   | Reached skill level 5 in Evocations
 98793 | Zig:12   | Paralysed by a floating eye for 3 turns
 98798 | Zig:12   | Killed Hayge the pandemonium lord
 98805 | Zig:12   | Killed Ribek the pandemonium lord
 98916 | Zig:13   | Entered Level 13 of a ziggurat
 99147 | Zig:14   | Entered Level 14 of a ziggurat
 99222 | Zig:14   | Identified the Compendium of Flames
 99347 | Zig:15   | Entered Level 15 of a ziggurat
 99435 | Zig:15   | Got a pitted brass ring
 99449 | Zig:15   | Identified the Volume of Dislocated Conjuration
 99454 | Zig:15   | Identified the Incunabulum of Cloudy Transmigration
 99479 | Zig:15   | Identified the ring of the Doge {+Fly rN+ AC+2 Str-5 Dex+9} (You found it on level 15 of a ziggurat)
 99488 | Zig:16   | Entered Level 16 of a ziggurat
 99499 | Zig:16   | Noticed a juggernaut
 99499 | Zig:16   | Noticed a juggernaut
 99500 | Zig:16   | Noticed a juggernaut
 99501 | Zig:16   | Noticed a juggernaut
 99516 | Zig:16   | Killed a juggernaut
 99520 | Zig:16   | Killed a juggernaut
 99521 | Zig:16   | Killed a juggernaut
 99531 | Zig:16   | Killed a juggernaut
 99540 | Zig:16   | HP: 4/199 [orc high priest/divine providence (12)]
 99566 | Zig:16   | HP: 3/199 [orc priest/divine providence (17)]
 99568 | Zig:16   | The Shining One protects you from harm!
100060 | Zot:1    | Entered Level 1 of the Realm of Zot
100364 | Zot:1    | Reached skill level 10 in Evocations
101607 | Zot:2    | Reached skill level 27 in Shields
103116 | Zot:5    | Entered Level 5 of the Realm of Zot
103594 | Crypt:1  | Entered Level 1 of the Crypt
105052 | Crypt:2  | Noticed Jory
105057 | Crypt:2  | Killed Jory
105532 | Crypt:3  | Entered Level 3 of the Crypt
105582 | Crypt:3  | Paralysed by a lich for 7 turns
105607 | Crypt:3  | Noticed Sojobo
105618 | Crypt:3  | Killed Sojobo
105768 | Crypt:3  | Found a staircase to the Tomb.
105909 | Crypt:3  | Noticed Boris
105921 | Crypt:3  | Killed Boris
106271 | Crypt:3  | Found a basalt altar of Yredelemnul.
106872 | Crypt:3  | Got a clouded tin ring
106872 | Crypt:3  | Got a fine glass ring
106872 | Crypt:3  | Got an ancient copper ring
106930 | Crypt:3  | Identified the ring of the Peculiar Lives {rElec rPois rF- rN+ Dex-2} (You found it on level 3 of the Crypt)
106931 | Crypt:3  | Identified the ring "Zyojiabb" {rN+ Int-4 Dex+5} (You found it on level 3 of the Crypt)
106932 | Crypt:3  | Identified the ring of Widoh {rElec rPois rC- rN+ SInv} (You found it on level 3 of the Crypt)
107100 | Tomb:1   | Entered Level 1 of the Tomb of the Ancients
107665 | Tomb:1   | Noticed a greater mummy
107680 | Tomb:1   | Killed a greater mummy
107726 | Tomb:1   | Noticed an ancient lich
107747 | Tomb:1   | Killed an ancient lich
108070 | Tomb:1   | Noticed a greater mummy
108084 | Tomb:1   | Killed a greater mummy
108352 | Tomb:2   | Noticed a greater mummy
108353 | Tomb:2   | Noticed a greater mummy
108363 | Tomb:2   | Noticed a greater mummy
108363 | Tomb:2   | Killed a greater mummy
108368 | Tomb:2   | Noticed a greater mummy
108636 | Tomb:2   | Noticed a greater mummy
108640 | Tomb:2   | Killed a greater mummy
108640 | Tomb:2   | Reached skill level 27 in Dodging
108647 | Tomb:2   | Killed a greater mummy
108650 | Tomb:2   | Killed a greater mummy
108650 | Tomb:2   | Reached skill level 15 in Evocations
108652 | Tomb:2   | Killed a greater mummy
109041 | Tomb:3   | Entered Level 3 of the Tomb of the Ancients
109098 | Tomb:3   | Noticed a greater mummy
109100 | Tomb:3   | Noticed a greater mummy
109100 | Tomb:3   | Noticed a greater mummy
109100 | Tomb:3   | Noticed a greater mummy
109103 | Tomb:3   | Noticed a greater mummy
109105 | Tomb:3   | Noticed a greater mummy
109113 | Tomb:3   | Killed a greater mummy
109115 | Tomb:3   | Killed a greater mummy
109118 | Tomb:3   | Killed a greater mummy
109469 | Tomb:3   | Noticed a greater mummy
109476 | Tomb:3   | Noticed a greater mummy
109480 | Tomb:3   | Noticed a greater mummy
109483 | Tomb:3   | Killed a greater mummy
109486 | Tomb:3   | Killed a greater mummy
109488 | Tomb:3   | Killed a greater mummy
109491 | Tomb:3   | Killed a greater mummy
109493 | Tomb:3   | Killed a greater mummy
109496 | Tomb:3   | Killed a greater mummy
109987 | Tomb:3   | Got a glittering bronze amulet
109994 | Tomb:3   | Got a fine lapis lazuli ring
110149 | Tomb:3   | Got a heavily runed copper amulet
110213 | Tomb:3   | Cast into level 5 of the Abyss (a Zot trap)
110213 | Abyss:5  | Entered Level 5 of the Abyss
110224 | Tomb:3   | Escaped the Abyss
110292 | Tomb:3   | Got a golden rune of Zot
110337 | Tomb:3   | Identified the amulet "Xeehuoroe" {RegenMP *Corrode rN+++ Str+3 SInv} (You found it on level 3 of the Tomb of the Ancients)
110338 | Tomb:3   | Identified the ring "Suvu" {*Tele rElec Int+3 Slay-3} (You found it on level 3 of the Tomb of the Ancients)
110339 | Tomb:3   | Identified the amulet "Tycziz" {Faith +Blink rC+ MR- SInv} (You found it on level 3 of the Tomb of the Ancients)
111197 | Zot:5    | Noticed an ancient lich
111200 | Zot:5    | Noticed an orb of fire
111210 | Zot:5    | Killed an ancient lich
111217 | Zot:5    | Killed an orb of fire
111292 | Zot:5    | Noticed an orb of fire
111310 | Zot:5    | Killed an orb of fire
111380 | Zot:5    | Got the Orb of Zot
111406 | Zot:5    | Noticed Agaadok the pandemonium lord
111406 | Zot:5    | Noticed an orb of fire
111414 | Zot:5    | Killed Agaadok the pandemonium lord
111417 | Zot:5    | Killed an orb of fire
111458 | Zot:5    | Noticed Coddyud the pandemonium lord
111460 | Zot:5    | Noticed an orb of fire
111462 | Zot:5    | Gained mutation: You possess an exceptional clarity of mind. [an orb of fire]
111465 | Zot:5    | Killed Coddyud the pandemonium lord
111466 | Zot:5    | Gained mutation: You are frail. (-10% HP) [an orb of fire]
111478 | Zot:5    | Killed an orb of fire
112242 | D:$      | Escaped with the Orb!

Vault maps used:
D:1:      lightli_arrival_isolated_outpost, serial_glass, glass_columns_c,
          glass_columns_b
D:2:      marbit_many_paths, uniq_natasha
D:3:      lemuel_coloured_pillars_altar, first_bread,
          chequers_ecumenical_altar_simple_redux, serial_park_tiny_pond,
          hex_intersection
D:4:      cheibrodos_barr_body, lemuel_round_altar,
          minmay_temple_entry_enclosed_plants, uniq_eustachio
D:5:      corexii_shack_village, old_standard_altar
D:6:      tso_metal_star, grunt_dithmenos_smoke
D:7:      regret_index_temple_of_mockery, serial_shops, shop, uniq_pikel,
          uniq_menkaure, uniq_prince_ribbit1
D:8:      nicolae_overflow_hidden_temple, serial_shops, shop
D:9:      zin_angel, nicolae_ru_sacrificial_ziggurat, orc_0_dummy,
          minmay_misc_feat_ornament, uniq_grum
D:10:     dpeg_lair_monsters, special_room
D:11:     minmay_the_grid_square_5x5_5x5
D:12:     grunt_tengu_nest, uniq_maurice
D:13:     lightli_vaults_fourway_checkpoint
D:14:     hangedman_decor_push, uniq_sonja, uniq_azrael, uniq_nessos,
          uniq_frances
D:15:     grunt_enter_depths_snipers, basic_altar, nicolae_benzene_ring
Temple:   kb_corrupted_temple
Lair:1:   basic_altar, st_stairs_3, minmay_lair_oklob_chamber, uniq_fannar
Lair:2:   minmay_guarded_unrand_snakebite, infiniplex_staircase_pool,
          grunt_megastairs_2
Lair:3:   swamp_mist_pool
Lair:4:   cheibrodos_magma_flow, spider_nest_entry_web_field, uniq_harold
Lair:5:   lemuel_reptile_caves
Lair:6:   hangedman_lair_tendril_chambers, hangedman_lair_caniforms_friends,
          dpeg_slime_entry_corner, infiniplex_staircase_pool_2
Swamp:1:  hangedman_swamp_lotus
Swamp:2:  evilmike_swamp_ruin_rubble_2, swamp_pool1,
          cheibrodos_swamp_pet_leeches, uniq_louise
Swamp:3:  evilmike_swamp_ruin_house_2, swamp_pool2, hangedman_swamp_blocks
Swamp:4:  swamp_basic_johnstein, swamp_pool3
Spider:1: uniq_josephine, uniq_asterion, uniq_roxanne
Spider:2: uniq_arachne
Spider:3: uniq_mara
Spider:4: guppyfry_spider_rune, nicolae_spider_webs_and_nodes,
          nicolae_spider_circle_web, uniq_agnes, uniq_aizul
Orc:1:    serial_shops, nicolae_shop_trees, nicolae_orc_tapped_out
Orc:2:    st_orc_mages, uniq_rupert
Vaults:1: hangedman_vaults_nodes, v_misc_29, vaults_standard_mumra_lines,
          grunt_vaults_hallway_long, v_misc_4, nicolae_vaults_arrows, v_misc_5,
          vaults_mumra_lcd, v_misc_8
Vaults:2: v_misc_12, nicolae_vaults_puzzle_piece, v_misc_1,
          hangedman_vaults_river_flow, nicolae_vaults_hallways_thing,
          nicolae_vaults_border_crossing, ontoclasm_vaults_loading_screen
Vaults:3: nicolae_vaults_lopsided_apartments, hangedman_vaults_capsules,
          v_pattern_2, nicolae_vaults_specimen_jars,
          nicolae_vaults_big_angled_halls,
          vaults_standard_mumra_enter_the_diamond,
          minmay_crypt_entry_simple_box, nicolae_vaults_little_squares_2,
          v_rooms_4, nicolae_vaults_network_s, vaults_dpeg_cross,
          v_alt_pattern_5, ontoclasm_vaults_loading_screen,
          infiniplex_enter_wizlab_water
Vaults:4: vaults_mumra_minichess, grunt_vaults_hallway_long,
          hangedman_vaults_maws, nicolae_vaults_ninety_degrees, v_misc_31,
          vaults_dpeg_ring, nicolae_vaults_sealed_display,
          vaults_room_stairs_pillars, ontoclasm_vaults_claustrophobia,
          st_lattice, nicolae_vaults_rhombus_6, ontoclasm_vaults_hangar,
          ontoclasm_vaults_chip, uniq_boris
Crypt:1:  nicolae_crypt_ancient_font, grunt_crypt_arrival_split
Crypt:2:  corexii_hall_statues_i, uniq_jory
Crypt:3:  evilmike_haunted_forest, uniq_sojobo, uniq_boris
Depths:1: grunt_hell_entry_dis_grunt, grunt_decor_cap, grunt_ministairs_1,
          minmay_swirly_circle, serial_bayou_shore_b
Depths:2: hangedman_arch_fort, hell_entry, rand_demon_pan_entry_4,
          minmay_misc_feat_five, serial_shops, shop_fountains
Depths:3: radiant_caverns_a_rkd, abyss_entry, hell_entry, pan_entry
Depths:4: little_maze_vault, pf_hell_entry_tar_spiral,
          hangedman_abyss_entry_splay, kennysheep_flooded_box
Depths:5: grunt_zot_entry_tricorne, enter_ziggurat_a,
          abyss_entry_small_statue_room, hell_entry,
          minmay_misc_feat_four_crosses, minmay_misc_feat_room, uniq_frederick
Dis:7:    dis_hangedman
Geh:1:    hangedman_elemental_corridor
Geh:4:    grunt_megastairs_4
Geh:7:    evilmike_geh
Coc:7:    coc_grunt
Tar:6:    grunt_megastairs_3
Tar:7:    tar_minmay_river
Zot:2:    grunt_ministairs_11
Zot:5:    st_stairs_13
Abyss:2:  abyss_exit_lava, hangedman_abyss_or_decor_slice,
          evilmike_abyss_exit_smiterflies
Abyss:3:  hangedman_abyss_or_decor_passed
Abyss:5:  evilmike_abyss_exit_kraken, hangedman_abyss_or_decor_jellyfish_corner
Pan:      evilmike_mini_pan_corridor, nicolae_pan_sigil_itan, rand_demon_7,
          pan_blood_fountain, pan_disco_hall, grunt_pan_in_and_out,
          nicolae_pan_cerebovesque_4, nicolae_pan_door_chamber,
          pan_blood_fountain, evilmike_mini_pan_diamond, pan_blood_fountain_2,
          evilmike_mini_pan_T, pan_blood_fountain, nicolae_pan_mnolegish_3,
          gloorx_vloq, pan_blood_fountain, nicolae_pan_sigil_itan,
          nicolae_pan_door_chamber, nicolae_pan_cerebovesque_1,
          nicolae_pan_hourglass, pan_blood_fountain,
          regret_index_pan_draining_boxed, nicolae_pan_hourglass,
          pan_blood_fountain_small, nicolae_pan_gloorx_vloqian_3,
          evilmike_mini_pan_V, pan_blood_fountain_small, pan_blood_fountain,
          nicolae_pan_mnolegish_4, nicolae_pan_double_arrow,
          pan_blood_fountain_small, evilmike_mnoleg_eyes, lom_lobon_grunt,
          nicolae_pan_mnolegish_3, evilmike_cerebov_lava, rand_demon_4,
          nicolae_pan_double_arrow, nicolae_pan_sigil_nadil, rand_demon_9,
          evilmike_mini_pan_V, pan_blood_fountain_small
Zig:15:   ziggurat_pillar_centre_oklobs

Skill      XL: |  1  2  3  4  5  6  7  8  9 10 11 12 13 14 15 16 17 18 19 20 21 22 23 24 25 26 27 |
---------------+----------------------------------------------------------------------------------+-----
Axes           | 3 4 5 7 8 9 10 12 13 15 16 17 18 27 | 27.0
Shields        | 2 3 4 5 7 8 9 11 12 14 16 17 18 19 20 21 22 23 27 | 27.0
Fighting       | 4 5 7 9 13 15 16 17 18 19 20 21 22 23 24 27 | 27.0
Armour         | 3 4 6 8 9 11 12 13 14 16 18 19 20 21 22 23 27 | 27.0
Dodging        | 2 3 4 5 6 7 9 11 12 27 | 27.0
Invocations    | 25 | 25.6
Evocations     | 18 | 18.3

Action                   |  1- 3 |  4- 6 |  7- 9 | 10-12 | 13-15 | 16-18 | 19-21 | 22-24 | 25-27 || total
-------------------------+-------+-------+-------+-------+-------+-------+-------+-------+-------++-------
Melee: Hand axe          |    72 |   194 |   163 |    12 |    27 |     3 |       |       |       ||   471
       War axe           |       |       |   186 |    26 |       |       |       |       |       ||   212
       Broad axe         |       |       |       |   399 |  1049 |  1413 |  1654 |  1397 |  8955 || 14867
Throw: Tomahawk          |       |    35 |       |     9 |    60 |       |       |       |       ||   104
       Javelin           |       |     3 |    66 |    42 |    35 |       |       |       |       ||   146
Invok: Berserk           |     2 |     2 |     6 |    17 |    11 |    14 |     8 |    16 |    13 ||    89
       Brothers in Arms  |       |       |       |     6 |     6 |    23 |    10 |    20 |     6 ||    71
       Burn Spellbooks   |       |       |       |     2 |     3 |     3 |     1 |     6 |    10 ||    25
       Trog's Hand       |       |       |       |       |       |     3 |    22 |    21 |    27 ||    73
       Summon Divine War |       |       |       |       |       |       |       |       |   100 ||   100
       Cleansing Flame   |       |       |       |       |       |       |       |       |    27 ||    27
       Divine Shield     |       |       |       |       |       |       |       |       |    11 ||    11
       Brand Weapon With |       |       |       |       |       |       |       |       |     1 ||     1
 Abil: Fly               |       |       |       |       |     1 |       |       |       |       ||     1
Evoke: Wand              |       |       |       |       |       |       |       |       |     1 ||     1
  Use: Scroll            |     3 |     2 |     5 |    11 |    10 |    14 |    10 |     2 |    73 ||   130
       Potion            |       |     1 |     4 |     4 |     3 |     2 |       |     2 |    70 ||    86
 Stab: Sleeping          |     2 |       |     1 |       |       |       |       |       |       ||     3
       Distracted        |       |       |       |     1 |     1 |     1 |     5 |     7 |     2 ||    17
       Petrifying        |       |       |       |       |       |     1 |       |       |       ||     1
       Petrified         |       |       |       |       |       |     1 |       |       |       ||     1
       Confused          |       |       |       |       |       |       |     1 |       |       ||     1
  Eat: Chunk             |     2 |     9 |     5 |    19 |    28 |    36 |    45 |    36 |    51 ||   231
       Fruit             |       |     1 |     1 |     5 |     1 |     5 |    20 |    24 |    32 ||    89
       Royal jelly       |       |       |     2 |     4 |     2 |    16 |       |       |    37 ||    61
       Bread ration      |       |       |     2 |       |       |       |       |       |     3 ||     5
       Meat ration       |       |       |       |     1 |     3 |     1 |       |     1 |    19 ||    25
Armor: Animal skin       |     6 |       |       |       |       |       |       |       |       ||     6
       Shadow dragon sca |    26 |   101 |   201 |   219 |   564 |    19 |       |       |       ||  1130
       Plate armour      |       |       |       |       |       |   503 |  1064 |   433 |  1457 ||  3457
       Gold dragon scale |       |       |       |       |       |       |       |       |   428 ||   428
Dodge: Dodged            |    22 |    26 |    48 |   110 |   346 |   210 |   391 |   279 |  3177 ||  4609
       Deflected         |       |       |       |       |       |       |       |       |    30 ||    30
Block: Shield            |    10 |    69 |   148 |   272 |   619 |   233 |       |       |       ||  1351
       Large shield      |       |       |       |       |       |   967 |  1469 |  1232 |  8524 || 12192
       Reflection        |       |       |       |       |       |    53 |       |       |       ||    53

Table legend:
 A = Spawn XP
 B = Non-spawn XP
 C = Spawn XP percentage of total XP
 D = Spawn monster count
 E = Non-spawn monster count
 F = Spawn count percentage of total count
 G = Total turns spent on level
                    A         B        C        D         E        F      G
               +---------+---------+-------+---------+---------+-------+---------
         Total |  285837 | 3842992 |   6.9 |     472 |    5139 |   8.4 | 112242
               +---------+---------+-------+---------+---------+-------+---------
           D:1 |       0 |      16 |   0.0 |       0 |      12 |   0.0 |   924
           D:2 |       0 |     141 |   0.0 |       0 |      20 |   0.0 |  1016
           D:3 |       0 |      75 |   0.0 |       0 |      20 |   0.0 |   949
           D:4 |       0 |    1084 |   0.0 |       0 |      33 |   0.0 |  1415
           D:5 |       0 |     819 |   0.0 |       0 |      33 |   0.0 |  1548
           D:6 |       0 |    1311 |   0.0 |       0 |      18 |   0.0 |  1314
           D:7 |       0 |    1236 |   0.0 |       0 |      27 |   0.0 |   627
           D:8 |       0 |     609 |   0.0 |       0 |      11 |   0.0 |  1047
           D:9 |       0 |    4275 |   0.0 |       0 |      30 |   0.0 |  2184
          D:10 |       0 |    3643 |   0.0 |       0 |      53 |   0.0 |  1604
          D:11 |       0 |   14881 |   0.0 |       0 |      73 |   0.0 |  1927
          D:12 |       0 |    8142 |   0.0 |       0 |      36 |   0.0 |  1039
          D:13 |       0 |   15551 |   0.0 |       0 |      52 |   0.0 |  2212
          D:14 |       0 |   12849 |   0.0 |       0 |      33 |   0.0 |  1983
          D:15 |       0 |   25778 |   0.0 |       0 |      64 |   0.0 |  1945
        Lair:1 |       0 |    6405 |   0.0 |       0 |      21 |   0.0 |  2028
        Lair:2 |       0 |    3806 |   0.0 |       0 |      17 |   0.0 |  1135
        Lair:3 |       0 |    6154 |   0.0 |       0 |      20 |   0.0 |  1041
        Lair:4 |       0 |    6410 |   0.0 |       0 |      25 |   0.0 |  2491
        Lair:5 |       0 |   10815 |   0.0 |       0 |      54 |   0.0 |  1793
        Lair:6 |       0 |   32636 |   0.0 |       0 |     132 |   0.0 |  3225
       Swamp:1 |       0 |    9392 |   0.0 |       0 |      27 |   0.0 |   697
       Swamp:2 |       0 |   12063 |   0.0 |       0 |      32 |   0.0 |   833
       Swamp:3 |       0 |    8381 |   0.0 |       0 |      25 |   0.0 |   741
       Swamp:4 |       0 |   35148 |   0.0 |       0 |      66 |   0.0 |  1120
      Spider:1 |       0 |   17130 |   0.0 |       0 |      53 |   0.0 |   643
      Spider:2 |       0 |    8718 |   0.0 |       0 |      24 |   0.0 |   811
      Spider:3 |       0 |   23252 |   0.0 |       0 |      49 |   0.0 |   828
      Spider:4 |       0 |   35832 |   0.0 |       0 |      75 |   0.0 |  1443
       Slime:1 |       0 |    1019 |   0.0 |       0 |       1 |   0.0 |    36
       Slime:2 |       0 |    8520 |   0.0 |       0 |      14 |   0.0 |   173
       Slime:3 |       0 |    5823 |   0.0 |       0 |       6 |   0.0 |    80
       Slime:4 |       0 |   21509 |   0.0 |       0 |      31 |   0.0 |   458
       Slime:5 |       0 |   45398 |   0.0 |       0 |      36 |   0.0 |  1080
         Orc:1 |       0 |     598 |   0.0 |       0 |       5 |   0.0 |   331
         Orc:2 |       0 |   11287 |   0.0 |       0 |      86 |   0.0 |   816
      Vaults:1 |       0 |   46840 |   0.0 |       0 |      99 |   0.0 |  2179
      Vaults:2 |       0 |   36564 |   0.0 |       0 |      54 |   0.0 |  1527
      Vaults:3 |       0 |   61065 |   0.0 |       0 |      92 |   0.0 |  2181
      Vaults:4 |       0 |   93401 |   0.0 |       0 |     107 |   0.0 |  2551
      Vaults:5 |       0 |  125161 |   0.0 |       0 |     102 |   0.0 |  2743
       Crypt:1 |       0 |   19257 |   0.0 |       0 |      35 |   0.0 |   921
       Crypt:2 |       0 |   43344 |   0.0 |       0 |      45 |   0.0 |  1137
       Crypt:3 |       0 |   90124 |   0.0 |       0 |     116 |   0.0 |  1594
        Tomb:1 |       0 |   63888 |   0.0 |       0 |      76 |   0.0 |  1644
        Tomb:2 |       0 |   48911 |   0.0 |       0 |      69 |   0.0 |   800
        Tomb:3 |       0 |   94405 |   0.0 |       0 |     102 |   0.0 |   956
      Depths:1 |       0 |   71454 |   0.0 |       0 |      81 |   0.0 |  2184
      Depths:2 |       0 |   65317 |   0.0 |       0 |      62 |   0.0 |  1491
      Depths:3 |       0 |   58067 |   0.0 |       0 |      95 |   0.0 |  1919
      Depths:4 |       0 |  118038 |   0.0 |       0 |      96 |   0.0 |  2338
      Depths:5 |       0 |   98411 |   0.0 |       0 |     102 |   0.0 |  2951
          Hell |       0 |   33256 |   0.0 |       0 |      47 |   0.0 |   933
         Dis:1 |       0 |    2234 |   0.0 |       0 |       3 |   0.0 |    12
         Dis:2 |       0 |   21380 |   0.0 |       0 |      38 |   0.0 |   564
         Dis:3 |       0 |   11541 |   0.0 |       0 |      28 |   0.0 |   266
         Dis:5 |       0 |   34192 |   0.0 |       0 |      39 |   0.0 |   396
         Dis:6 |       0 |     163 |   0.0 |       0 |       1 |   0.0 |    15
         Dis:7 |       0 |  190843 |   0.0 |       0 |     187 |   0.0 |  2455
         Geh:1 |       0 |   12680 |   0.0 |       0 |      18 |   0.0 |   230
         Geh:2 |       0 |   12987 |   0.0 |       0 |      21 |   0.0 |   117
         Geh:3 |       0 |   25163 |   0.0 |       0 |      50 |   0.0 |   323
         Geh:4 |       0 |   22095 |   0.0 |       0 |      58 |   0.0 |   266
         Geh:5 |       0 |   40136 |   0.0 |       0 |      72 |   0.0 |   414
         Geh:6 |       0 |    7505 |   0.0 |       0 |      16 |   0.0 |   168
         Geh:7 |       0 |  112666 |   0.0 |       0 |     138 |   0.0 |  1933
         Coc:1 |       0 |   10213 |   0.0 |       0 |      10 |   0.0 |    85
         Coc:2 |       0 |   19389 |   0.0 |       0 |      49 |   0.0 |   424
         Coc:3 |       0 |   12951 |   0.0 |       0 |      22 |   0.0 |   108
         Coc:4 |       0 |   50670 |   0.0 |       0 |      81 |   0.0 |   627
         Coc:5 |       0 |   10681 |   0.0 |       0 |      23 |   0.0 |    48
         Coc:6 |       0 |   34000 |   0.0 |       0 |      69 |   0.0 |   892
         Coc:7 |       0 |  115521 |   0.0 |       0 |     160 |   0.0 |  1386
         Tar:1 |       0 |   12717 |   0.0 |       0 |      20 |   0.0 |    98
         Tar:2 |       0 |   47908 |   0.0 |       0 |      40 |   0.0 |   313
         Tar:3 |       0 |    6299 |   0.0 |       0 |      10 |   0.0 |    84
         Tar:4 |       0 |   17367 |   0.0 |       0 |      18 |   0.0 |   140
         Tar:5 |       0 |    3977 |   0.0 |       0 |       8 |   0.0 |    96
         Tar:6 |       0 |   33591 |   0.0 |       0 |      43 |   0.0 |   548
         Tar:7 |       0 |  174597 |   0.0 |       0 |     159 |   0.0 |  1623
         Zot:1 |       0 |   59552 |   0.0 |       0 |      38 |   0.0 |  1093
         Zot:2 |       0 |   57082 |   0.0 |       0 |      32 |   0.0 |  1130
         Zot:3 |       0 |   18624 |   0.0 |       0 |      12 |   0.0 |   672
         Zot:4 |       0 |   50854 |   0.0 |       0 |      34 |   0.0 |   474
         Zot:5 |       0 |  119350 |   0.0 |       0 |      44 |   0.0 |   496
       Abyss:1 |   13908 |       0 | 100.0 |      18 |       0 | 100.0 |   182
       Abyss:2 |   10602 |    7662 |  58.0 |      23 |      19 |  54.8 |   787
       Abyss:3 |  101117 |   35943 |  73.8 |     179 |      78 |  69.6 |  1840
           Pan |  160210 |  608046 |  20.9 |     252 |     579 |  30.3 | 16331
         Zig:1 |       0 |    1318 |   0.0 |       0 |       1 |   0.0 |    28
         Zig:2 |       0 |    2114 |   0.0 |       0 |       3 |   0.0 |    35
         Zig:3 |       0 |    2829 |   0.0 |       0 |       3 |   0.0 |    90
         Zig:4 |       0 |   13717 |   0.0 |       0 |       3 |   0.0 |    30
         Zig:5 |       0 |   10263 |   0.0 |       0 |       6 |   0.0 |    76
         Zig:6 |       0 |   14027 |   0.0 |       0 |      12 |   0.0 |    85
         Zig:7 |       0 |    9094 |   0.0 |       0 |      12 |   0.0 |    92
         Zig:8 |       0 |    8194 |   0.0 |       0 |      19 |   0.0 |    76
         Zig:9 |       0 |   12182 |   0.0 |       0 |      15 |   0.0 |   189
        Zig:10 |       0 |   15986 |   0.0 |       0 |      12 |   0.0 |   311
        Zig:11 |       0 |   11879 |   0.0 |       0 |      22 |   0.0 |    79
        Zig:12 |       0 |   52154 |   0.0 |       0 |      16 |   0.0 |   146
        Zig:13 |       0 |   23614 |   0.0 |       0 |      16 |   0.0 |   231
        Zig:14 |       0 |   20412 |   0.0 |       0 |      28 |   0.0 |   200
        Zig:15 |       0 |   33352 |   0.0 |       0 |      27 |   0.0 |   141
        Zig:16 |       0 |   43069 |   0.0 |       0 |      33 |   0.0 |    88
               +---------+---------+-------+---------+---------+-------+---------
